Workbook

Sheet Structure table
A1: Structure table based on the NUS333 v8 SAM for 2007
B2: GDP | D2: Factor shares in industry cost | G2: Industry shares in factor employment
B3: Industry GDP | C3: Industry shares in GDP | D3: Land | E3: Labor | F3: Capital | G3: Land | H3: Labor | I3: Capital
A4: Agriculture | B4: =+'Industry GDP '!B43/1000 -> 134.91533 | C4: =+'Industry GDP '!C43 -> 0.95944696 | D4: =+'Factor shares in industry cost'!B44 -> 10.585715 | E4: =+'Factor shares in industry cost'!B45 -> 15.538909 | F4: =+'Factor shares in industry cost'!B46 -> 15.636228 | G4: =+'Industry shrs in employment'!B44 -> 100 | H4: =+'Industry shrs in employment'!C44 -> 0.57005567 | I4: =+'Industry shrs in employment'!D44 -> 1.4821302
A5: Manufacturing | B5: =+'Industry GDP '!B44/1000 -> 2547.4092 | C5: =+'Industry GDP '!C44 -> 18.115837 | D5: =+'Factor shares in industry cost'!C44 -> 0 | E5: =+'Factor shares in industry cost'!C45 -> 23.516584 | F5: =+'Factor shares in industry cost'!C46 -> 10.066238 | G5: =+'Industry shrs in employment'!B45 -> 0 | H5: =+'Industry shrs in employment'!C45 -> 16.584158 | I5: =+'Industry shrs in employment'!D45 -> 18.292904
A6: Services | B6: =+'Industry GDP '!B45/1000 -> 11379.456 | C6: =+'Industry GDP '!C45 -> 80.924717 | D6: =+'Factor shares in industry cost'!D44 -> 0 | E6: =+'Factor shares in industry cost'!D45 -> 42.941378 | F6: =+'Factor shares in industry cost'!D46 -> 16.136852 | G6: =+'Industry shrs in employment'!B46 -> 0 | H6: =+'Industry shrs in employment'!C46 -> 82.845787 | I6: =+'Industry shrs in employment'!D46 -> 80.224966
A7: Total | B7: =+'Industry GDP '!B46/1000 -> 14061.781 | C7: =+'Industry GDP '!C46 -> 100 | D7: na | E7: na | F7: na | G7: =SUM(G4:G6) -> 100 | H7: =SUM(H4:H6) -> 100 | I7: =SUM(I4:I6) -> 100
B8: Commodity shares in domestic demand: | F8: Commodity shares in trade | H8: Trade dependency
B9: Intermediate inputs | C9: Private households | D9: Government | E9: Investment | F9: Imports | G9: Exports | H9: Import share of domestic consumption | I9: Export share of production
A10: Agriculture | B10: =+'Comm shr in domestic demand'!B43 -> 18.516046 | C10: =+'Comm shr in domestic demand'!C43 -> 0.68783436 | D10: =+'Comm shr in domestic demand'!D43 -> 3.0553157e-05 | E10: =+'Comm shr in domestic demand'!E43 -> 0.014109063 | F10: =+'Commod shr in imports&exports'!B43 -> 1.501226 | G10: =+'Commod shr in imports&exports'!C43 -> 3.7327916 | H10: =+'Import shr of consumption'!D43 -> 11.210533 | I10: =+'Export shr of production'!D43 -> 15.982743
A11: Manufacturing | B11: =+'Comm shr in domestic demand'!B44 -> 37.588964 | C11: =+'Comm shr in domestic demand'!C44 -> 20.469254 | D11: =+'Comm shr in domestic demand'!D44 -> 0.0058174981 | E11: =+'Comm shr in domestic demand'!E44 -> 40.06255 | F11: =+'Commod shr in imports&exports'!B44 -> 84.361733 | G11: =+'Commod shr in imports&exports'!C44 -> 69.544728 | H11: =+'Import shr of consumption'!D44 -> 24.949592 | I11: =+'Export shr of production'!D44 -> 14.608288
A12: Services | B12: =+'Comm shr in domestic demand'!B45 -> 43.89499 | C12: =+'Comm shr in domestic demand'!C45 -> 78.842911 | D12: =+'Comm shr in domestic demand'!D45 -> 99.994152 | E12: =+'Comm shr in domestic demand'!E45 -> 59.923296 | F12: =+'Commod shr in imports&exports'!B45 -> 14.137041 | G12: =+'Commod shr in imports&exports'!C45 -> 26.722481 | H12: =+'Import shr of consumption'!D45 -> 1.7275605 | I12: =+'Export shr of production'!D45 -> 2.0458221
A13: Total | B13: =SUM(B10:B12) -> 100 | C13: =SUM(C10:C12) -> 100 | D13: =SUM(D10:D12) -> 100 | E13: =SUM(E10:E12) -> 99.999955 | F13: =+'Commod shr in imports&exports'!B46 -> 100 | G13: =+'Commod shr in imports&exports'!C46 -> 100 | H13: na | I13: na
A14: Source: GTAP v. 8.NUS333 database.

Sheet GDP-Income 
A1: NUS333 v8 SAM 2007 $US millions
B3: ASAM | C3: 1 m_AGR | D3: 2 m_MFG | E3: 3 m_SER | F3: 4 d_AGR | G3: 5 d_MFG | H3: 6 d_SER | I3: 7 a_AGR | J3: 8 a_MFG | K3: 9 a_SER | L3: 10 LAND | M3: 11 LABOR | N3: 12 CAPITAL | O3: 13 tmm_world | P3: 14 tee_world | Q3: 15 tssm_AGR | R3: 16 tssm_MFG | S3: 17 tssm_SER | T3: 18 tssd_AGR | U3: 19 tssd_MFG | V3: 20 tssd_SER | W3: 21 tf_LAND | X3: 22 tf_LABOR | Y3: 23 tf_CAPITAL | Z3: 29 PRODTAX | AA3: 30 DIRTAX | AB3: 27 REGHOUS | AC3: 28 PRIV | AD3: 31 GOVT | AE3: 32 CGDS | AF3: 24 SER_world | AG3: 25 SER_pvst | AH3: 26 ww_world | AI3: Total
A4: Import-AGR | B4: 1 m_AGR | C4: 0 | D4: 0 | E4: 0 | F4: 0 | G4: 0 | H4: 0 | I4: 1383.3 | J4: 14597.56 | K4: 5193.94 | L4: 0 | M4: 0 | N4: 0 | O4: 0 | P4: 0 | Q4: 0 | R4: 0 | S4: 0 | T4: 0 | U4: 0 | V4: 0 | W4: 0 | X4: 0 | Y4: 0 | Z4: 0 | AA4: 0 | AB4: 0 | AC4: 12718.17 | AD4: 0.11 | AE4: 43.08 | AF4: 0 | AG4: 0 | AH4: 0 | AI4: 33936.16
A5: Import-MFG | B5: 2 m_MFG | C5: 0 | D5: 0 | E5: 0 | F5: 0 | G5: 0 | H5: 0 | I5: 9149.65 | J5: 796635.5 | K5: 299808.41 | L5: 0 | M5: 0 | N5: 0 | O5: 0 | P5: 0 | Q5: 0 | R5: 0 | S5: 0 | T5: 0 | U5: 0 | V5: 0 | W5: 0 | X5: 0 | Y5: 0 | Z5: 0 | AA5: 0 | AB5: 0 | AC5: 500838.03 | AD5: 4.51 | AE5: 294347.22 | AF5: 0 | AG5: 0 | AH5: 0 | AI5: 1900783.3
A6: Import-SER | B6: 3 m_SER | C6: 0 | D6: 0 | E6: 0 | F6: 0 | G6: 0 | H6: 0 | I6: 732.17 | J6: 22260.94 | K6: 235765.33 | L6: 0 | M6: 0 | N6: 0 | O6: 0 | P6: 0 | Q6: 0 | R6: 0 | S6: 0 | T6: 0 | U6: 0 | V6: 0 | W6: 0 | X6: 0 | Y6: 0 | Z6: 0 | AA6: 0 | AB6: 0 | AC6: 51449.36 | AD6: 16.8 | AE6: 4432.41 | AF6: 0 | AG6: 0 | AH6: 0 | AI6: 314657.01
A7: Domestic-AGR | B7: 4 d_AGR | C7: 0 | D7: 0 | E7: 0 | F7: 0 | G7: 0 | H7: 0 | I7: 35027.53 | J7: 164985.89 | K7: 20668.78 | L7: 0 | M7: 0 | N7: 0 | O7: 0 | P7: 0 | Q7: 0 | R7: 0 | S7: 0 | T7: 0 | U7: 0 | V7: 0 | W7: 0 | X7: 0 | Y7: 0 | Z7: 0 | AA7: 0 | AB7: 0 | AC7: 52576.52 | AD7: 0.58 | AE7: 335.83 | AF7: 0 | AG7: 0 | AH7: 52046.46 | AI7: 325641.59
A8: Domestic-MFG | B8: 5 d_MFG | C8: 0 | D8: 0 | E8: 0 | F8: 0 | G8: 0 | H8: 0 | I8: 62384.85 | J8: 2006594.5 | K8: 1502184.5 | L8: 0 | M8: 0 | N8: 0 | O8: 0 | P8: 0 | Q8: 0 | R8: 0 | S8: 0 | T8: 0 | U8: 0 | V8: 0 | W8: 0 | X8: 0 | Y8: 0 | Z8: 0 | AA8: 0 | AB8: 0 | AC8: 1355147.9 | AD8: 126.87 | AE8: 763925.81 | AF8: 0 | AG8: 0 | AH8: 969664.88 | AI8: 6660029.3
A9: Domestic-SER | B9: 6 d_SER | C9: 0 | D9: 0 | E9: 0 | F9: 0 | G9: 0 | H9: 0 | I9: 85711.23 | J9: 1328837.5 | K9: 4820635 | L9: 0 | M9: 0 | N9: 0 | O9: 0 | P9: 0 | Q9: 0 | R9: 0 | S9: 0 | T9: 0 | U9: 0 | V9: 0 | W9: 0 | X9: 0 | Y9: 0 | Z9: 0 | AA9: 0 | AB9: 0 | AC9: 7742341 | AD9: 2258210.2 | AE9: 1604037.8 | AF9: 0 | AG9: 28091.47 | AH9: 344501.13 | AI9: 18212365
A10: AGR- activity | B10: 7 a_AGR | C10: 0 | D10: 0 | E10: 0 | F10: 325641.59 | G10: 0 | H10: 0 | I10: 0 | J10: 0 | K10: 0 | L10: 0 | M10: 0 | N10: 0 | O10: 0 | P10: 0 | Q10: 0 | R10: 0 | S10: 0 | T10: 0 | U10: 0 | V10: 0 | W10: 0 | X10: 0 | Y10: 0 | Z10: 0 | AA10: 0 | AB10: 0 | AC10: 0 | AD10: 0 | AE10: 0 | AF10: 0 | AG10: 0 | AH10: 0 | AI10: 325641.59
A11: MFG-activity | B11: 8 a_MFG | C11: 0 | D11: 0 | E11: 0 | F11: 0 | G11: 6657192.5 | H11: 0 | I11: 0 | J11: 0 | K11: 0 | L11: 0 | M11: 0 | N11: 0 | O11: 0 | P11: 0 | Q11: 0 | R11: 0 | S11: 0 | T11: 0 | U11: 0 | V11: 0 | W11: 0 | X11: 0 | Y11: 0 | Z11: 0 | AA11: 0 | AB11: 0 | AC11: 0 | AD11: 0 | AE11: 0 | AF11: 0 | AG11: 0 | AH11: 0 | AI11: 6657192.5
A12: SER-activity | B12: 9 a_SER | C12: 0 | D12: 0 | E12: 0 | F12: 0 | G12: 0 | H12: 18212366 | I12: 0 | J12: 0 | K12: 0 | L12: 0 | M12: 0 | N12: 0 | O12: 0 | P12: 0 | Q12: 0 | R12: 0 | S12: 0 | T12: 0 | U12: 0 | V12: 0 | W12: 0 | X12: 0 | Y12: 0 | Z12: 0 | AA12: 0 | AB12: 0 | AC12: 0 | AD12: 0 | AE12: 0 | AF12: 0 | AG12: 0 | AH12: 0 | AI12: 18212366
A13: Land | B13: 10 LAND | C13: 0 | D13: 0 | E13: 0 | F13: 0 | G13: 0 | H13: 0 | I13: 35950.19 | J13: 0 | K13: 0 | L13: 0 | M13: 0 | N13: 0 | O13: 0 | P13: 0 | Q13: 0 | R13: 0 | S13: 0 | T13: 0 | U13: 0 | V13: 0 | W13: 0 | X13: 0 | Y13: 0 | Z13: 0 | AA13: 0 | AB13: 0 | AC13: 0 | AD13: 0 | AE13: 0 | AF13: 0 | AG13: 0 | AH13: 0 | AI13: 35950.19
A14: Labor | B14: 11 LABOR | C14: 0 | D14: 0 | E14: 0 | F14: 0 | G14: 0 | H14: 0 | I14: 46771.28 | J14: 1360678.1 | K14: 6797237 | L14: 0 | M14: 0 | N14: 0 | O14: 0 | P14: 0 | Q14: 0 | R14: 0 | S14: 0 | T14: 0 | U14: 0 | V14: 0 | W14: 0 | X14: 0 | Y14: 0 | Z14: 0 | AA14: 0 | AB14: 0 | AC14: 0 | AD14: 0 | AE14: 0 | AF14: 0 | AG14: 0 | AH14: 0 | AI14: 8204686.4
A15: Capital | B15: 12 CAPITAL | C15: 0 | D15: 0 | E15: 0 | F15: 0 | G15: 0 | H15: 0 | I15: 52583.06 | J15: 648996.19 | K15: 2846223.8 | L15: 0 | M15: 0 | N15: 0 | O15: 0 | P15: 0 | Q15: 0 | R15: 0 | S15: 0 | T15: 0 | U15: 0 | V15: 0 | W15: 0 | X15: 0 | Y15: 0 | Z15: 0 | AA15: 0 | AB15: 0 | AC15: 0 | AD15: 0 | AE15: 0 | AF15: 0 | AG15: 0 | AH15: 0 | AI15: 3547803
... A36: Total | B36: Total | C36: 33936.16 | D36: 1900783.3 | E36: 314657 | F36: 325641.59 | G36: 6660029.5 | H36: 18212366 | I36: 325641.59 | J36: 6657192.5 | K36: 18212366 | L36: 35950.19 | M36: 8204686.4 | N36: 3547803 | O36: 23613.68 | P36: 2837 | Q36: 730.13 | R36: 58839.43 | S36: -27.19 | T36: 968.21 | U36: 204340.58 | V36: 57973.34 | W36: -1478.7 | X36: 1232100 | Y36: 112146.38 | Z36: 581299.69 | AA36: 2039022.9 | AB36: 12801844 | AC36: 9949302.3 | AD36: 2258359.1 | AE36: 2685578.7 | AF36: 86303.63 | AG36: 86303.63 | AH36: 2139459.1 | AI36: 98750569
A42: Total GDP from income side
A43: Net (after tax) factor income | B43: =SUM(I13:K15)-SUM(L28:N28) -> 9749416.7
A44: Taxes | B44: =SUM(I18:K27,C16:E16,F17:H17,L28:N28,AC18:AE27) -> 4312365.5
A45: GDP | B45: =+B44+B43 -> 14061782

Sheet GDP-Expenditure
A1: NUS333 v8 SAM 2007 $US millions
B3: ASAM | C3: 1 m_AGR | D3: 2 m_MFG | E3: 3 m_SER | F3: 4 d_AGR | G3: 5 d_MFG | H3: 6 d_SER | I3: 7 a_AGR | J3: 8 a_MFG | K3: 9 a_SER | L3: 10 LAND | M3: 11 LABOR | N3: 12 CAPITAL | O3: 13 tmm_world | P3: 14 tee_world | Q3: 15 tssm_AGR | R3: 16 tssm_MFG | S3: 17 tssm_SER | T3: 18 tssd_AGR | U3: 19 tssd_MFG | V3: 20 tssd_SER | W3: 21 tf_LAND | X3: 22 tf_LABOR | Y3: 23 tf_CAPITAL | Z3: 29 PRODTAX | AA3: 30 DIRTAX | AB3: 27 REGHOUS | AC3: 28 PRIV | AD3: 31 GOVT | AE3: 32 CGDS | AF3: 24 SER_world | AG3: 25 SER_pvst | AH3: 26 ww_world | AI3: Total
A4: Import-AGR | B4: 1 m_AGR | C4: 0 | D4: 0 | E4: 0 | F4: 0 | G4: 0 | H4: 0 | I4: 1383.3 | J4: 14597.56 | K4: 5193.94 | L4: 0 | M4: 0 | N4: 0 | O4: 0 | P4: 0 | Q4: 0 | R4: 0 | S4: 0 | T4: 0 | U4: 0 | V4: 0 | W4: 0 | X4: 0 | Y4: 0 | Z4: 0 | AA4: 0 | AB4: 0 | AC4: 12718.17 | AD4: 0.11 | AE4: 43.08 | AF4: 0 | AG4: 0 | AH4: 0 | AI4: 33936.16
A5: Import-MFG | B5: 2 m_MFG | C5: 0 | D5: 0 | E5: 0 | F5: 0 | G5: 0 | H5: 0 | I5: 9149.65 | J5: 796635.5 | K5: 299808.41 | L5: 0 | M5: 0 | N5: 0 | O5: 0 | P5: 0 | Q5: 0 | R5: 0 | S5: 0 | T5: 0 | U5: 0 | V5: 0 | W5: 0 | X5: 0 | Y5: 0 | Z5: 0 | AA5: 0 | AB5: 0 | AC5: 500838.03 | AD5: 4.51 | AE5: 294347.22 | AF5: 0 | AG5: 0 | AH5: 0 | AI5: 1900783.3
A6: Import-SER | B6: 3 m_SER | C6: 0 | D6: 0 | E6: 0 | F6: 0 | G6: 0 | H6: 0 | I6: 732.17 | J6: 22260.94 | K6: 235765.33 | L6: 0 | M6: 0 | N6: 0 | O6: 0 | P6: 0 | Q6: 0 | R6: 0 | S6: 0 | T6: 0 | U6: 0 | V6: 0 | W6: 0 | X6: 0 | Y6: 0 | Z6: 0 | AA6: 0 | AB6: 0 | AC6: 51449.36 | AD6: 16.8 | AE6: 4432.41 | AF6: 0 | AG6: 0 | AH6: 0 | AI6: 314657.01
A7: Domestic-AGR | B7: 4 d_AGR | C7: 0 | D7: 0 | E7: 0 | F7: 0 | G7: 0 | H7: 0 | I7: 35027.53 | J7: 164985.89 | K7: 20668.78 | L7: 0 | M7: 0 | N7: 0 | O7: 0 | P7: 0 | Q7: 0 | R7: 0 | S7: 0 | T7: 0 | U7: 0 | V7: 0 | W7: 0 | X7: 0 | Y7: 0 | Z7: 0 | AA7: 0 | AB7: 0 | AC7: 52576.52 | AD7: 0.58 | AE7: 335.83 | AF7: 0 | AG7: 0 | AH7: 52046.46 | AI7: 325641.59
A8: Domestic-MFG | B8: 5 d_MFG | C8: 0 | D8: 0 | E8: 0 | F8: 0 | G8: 0 | H8: 0 | I8: 62384.85 | J8: 2006594.5 | K8: 1502184.5 | L8: 0 | M8: 0 | N8: 0 | O8: 0 | P8: 0 | Q8: 0 | R8: 0 | S8: 0 | T8: 0 | U8: 0 | V8: 0 | W8: 0 | X8: 0 | Y8: 0 | Z8: 0 | AA8: 0 | AB8: 0 | AC8: 1355147.9 | AD8: 126.87 | AE8: 763925.81 | AF8: 0 | AG8: 0 | AH8: 969664.88 | AI8: 6660029.3
A9: Domestic-SER | B9: 6 d_SER | C9: 0 | D9: 0 | E9: 0 | F9: 0 | G9: 0 | H9: 0 | I9: 85711.23 | J9: 1328837.5 | K9: 4820635 | L9: 0 | M9: 0 | N9: 0 | O9: 0 | P9: 0 | Q9: 0 | R9: 0 | S9: 0 | T9: 0 | U9: 0 | V9: 0 | W9: 0 | X9: 0 | Y9: 0 | Z9: 0 | AA9: 0 | AB9: 0 | AC9: 7742341 | AD9: 2258210.2 | AE9: 1604037.8 | AF9: 0 | AG9: 28091.47 | AH9: 344501.13 | AI9: 18212365
A10: AGR- activity | B10: 7 a_AGR | C10: 0 | D10: 0 | E10: 0 | F10: 325641.59 | G10: 0 | H10: 0 | I10: 0 | J10: 0 | K10: 0 | L10: 0 | M10: 0 | N10: 0 | O10: 0 | P10: 0 | Q10: 0 | R10: 0 | S10: 0 | T10: 0 | U10: 0 | V10: 0 | W10: 0 | X10: 0 | Y10: 0 | Z10: 0 | AA10: 0 | AB10: 0 | AC10: 0 | AD10: 0 | AE10: 0 | AF10: 0 | AG10: 0 | AH10: 0 | AI10: 325641.59
A11: MFG-activity | B11: 8 a_MFG | C11: 0 | D11: 0 | E11: 0 | F11: 0 | G11: 6657192.5 | H11: 0 | I11: 0 | J11: 0 | K11: 0 | L11: 0 | M11: 0 | N11: 0 | O11: 0 | P11: 0 | Q11: 0 | R11: 0 | S11: 0 | T11: 0 | U11: 0 | V11: 0 | W11: 0 | X11: 0 | Y11: 0 | Z11: 0 | AA11: 0 | AB11: 0 | AC11: 0 | AD11: 0 | AE11: 0 | AF11: 0 | AG11: 0 | AH11: 0 | AI11: 6657192.5
A12: SER-activity | B12: 9 a_SER | C12: 0 | D12: 0 | E12: 0 | F12: 0 | G12: 0 | H12: 18212366 | I12: 0 | J12: 0 | K12: 0 | L12: 0 | M12: 0 | N12: 0 | O12: 0 | P12: 0 | Q12: 0 | R12: 0 | S12: 0 | T12: 0 | U12: 0 | V12: 0 | W12: 0 | X12: 0 | Y12: 0 | Z12: 0 | AA12: 0 | AB12: 0 | AC12: 0 | AD12: 0 | AE12: 0 | AF12: 0 | AG12: 0 | AH12: 0 | AI12: 18212366
A13: Land | B13: 10 LAND | C13: 0 | D13: 0 | E13: 0 | F13: 0 | G13: 0 | H13: 0 | I13: 35950.19 | J13: 0 | K13: 0 | L13: 0 | M13: 0 | N13: 0 | O13: 0 | P13: 0 | Q13: 0 | R13: 0 | S13: 0 | T13: 0 | U13: 0 | V13: 0 | W13: 0 | X13: 0 | Y13: 0 | Z13: 0 | AA13: 0 | AB13: 0 | AC13: 0 | AD13: 0 | AE13: 0 | AF13: 0 | AG13: 0 | AH13: 0 | AI13: 35950.19
A14: Labor | B14: 11 LABOR | C14: 0 | D14: 0 | E14: 0 | F14: 0 | G14: 0 | H14: 0 | I14: 46771.28 | J14: 1360678.1 | K14: 6797237 | L14: 0 | M14: 0 | N14: 0 | O14: 0 | P14: 0 | Q14: 0 | R14: 0 | S14: 0 | T14: 0 | U14: 0 | V14: 0 | W14: 0 | X14: 0 | Y14: 0 | Z14: 0 | AA14: 0 | AB14: 0 | AC14: 0 | AD14: 0 | AE14: 0 | AF14: 0 | AG14: 0 | AH14: 0 | AI14: 8204686.4
A15: Capital | B15: 12 CAPITAL | C15: 0 | D15: 0 | E15: 0 | F15: 0 | G15: 0 | H15: 0 | I15: 52583.06 | J15: 648996.19 | K15: 2846223.8 | L15: 0 | M15: 0 | N15: 0 | O15: 0 | P15: 0 | Q15: 0 | R15: 0 | S15: 0 | T15: 0 | U15: 0 | V15: 0 | W15: 0 | X15: 0 | Y15: 0 | Z15: 0 | AA15: 0 | AB15: 0 | AC15: 0 | AD15: 0 | AE15: 0 | AF15: 0 | AG15: 0 | AH15: 0 | AI15: 3547803
... A36: Total | B36: Total | C36: 33936.16 | D36: 1900783.3 | E36: 314657 | F36: 325641.59 | G36: 6660029.5 | H36: 18212366 | I36: 325641.59 | J36: 6657192.5 | K36: 18212366 | L36: 35950.19 | M36: 8204686.4 | N36: 3547803 | O36: 23613.68 | P36: 2837 | Q36: 730.13 | R36: 58839.43 | S36: -27.19 | T36: 968.21 | U36: 204340.58 | V36: 57973.34 | W36: -1478.7 | X36: 1232100 | Y36: 112146.38 | Z36: 581299.69 | AA36: 2039022.9 | AB36: 12801844 | AC36: 9949302.3 | AD36: 2258359.1 | AE36: 2685578.7 | AF36: 86303.63 | AG36: 86303.63 | AH36: 2139459.1 | AI36: 98750569
A42: GDP Expenditure side
A43: Private consumption | B43: =+AC36 -> 9949302.3
A44: Investment | B44: =+AE36 -> 2685578.7
A45: Government | B45: =+AD36 -> 2258359.1
A46: Exports | B46: =SUM(AG7:AH9) -> 1394303.9
A47: Imports | B47: =+-1*SUM(C33:E35) -> -2225762.8
A48: GDP Expenditure | B48: =SUM(B43:B47) -> 14061781

Sheet Industry GDP 
A1: NUS333 v8 SAM 2007 $US millions
B3: ASAM | C3: 1 m_AGR | D3: 2 m_MFG | E3: 3 m_SER | F3: 4 d_AGR | G3: 5 d_MFG | H3: 6 d_SER | I3: 7 a_AGR | J3: 8 a_MFG | K3: 9 a_SER | L3: 10 LAND | M3: 11 LABOR | N3: 12 CAPITAL | O3: 13 tmm_world | P3: 14 tee_world | Q3: 15 tssm_AGR | R3: 16 tssm_MFG | S3: 17 tssm_SER | T3: 18 tssd_AGR | U3: 19 tssd_MFG | V3: 20 tssd_SER | W3: 21 tf_LAND | X3: 22 tf_LABOR | Y3: 23 tf_CAPITAL | Z3: 29 PRODTAX | AA3: 30 DIRTAX | AB3: 27 REGHOUS | AC3: 28 PRIV | AD3: 31 GOVT | AE3: 32 CGDS | AF3: 24 SER_world | AG3: 25 SER_pvst | AH3: 26 ww_world | AI3: Total
A4: Import-AGR | B4: 1 m_AGR | C4: 0 | D4: 0 | E4: 0 | F4: 0 | G4: 0 | H4: 0 | I4: 1383.3 | J4: 14597.56 | K4: 5193.94 | L4: 0 | M4: 0 | N4: 0 | O4: 0 | P4: 0 | Q4: 0 | R4: 0 | S4: 0 | T4: 0 | U4: 0 | V4: 0 | W4: 0 | X4: 0 | Y4: 0 | Z4: 0 | AA4: 0 | AB4: 0 | AC4: 12718.17 | AD4: 0.11 | AE4: 43.08 | AF4: 0 | AG4: 0 | AH4: 0 | AI4: 33936.16
A5: Import-MFG | B5: 2 m_MFG | C5: 0 | D5: 0 | E5: 0 | F5: 0 | G5: 0 | H5: 0 | I5: 9149.65 | J5: 796635.5 | K5: 299808.41 | L5: 0 | M5: 0 | N5: 0 | O5: 0 | P5: 0 | Q5: 0 | R5: 0 | S5: 0 | T5: 0 | U5: 0 | V5: 0 | W5: 0 | X5: 0 | Y5: 0 | Z5: 0 | AA5: 0 | AB5: 0 | AC5: 500838.03 | AD5: 4.51 | AE5: 294347.22 | AF5: 0 | AG5: 0 | AH5: 0 | AI5: 1900783.3
A6: Import-SER | B6: 3 m_SER | C6: 0 | D6: 0 | E6: 0 | F6: 0 | G6: 0 | H6: 0 | I6: 732.17 | J6: 22260.94 | K6: 235765.33 | L6: 0 | M6: 0 | N6: 0 | O6: 0 | P6: 0 | Q6: 0 | R6: 0 | S6: 0 | T6: 0 | U6: 0 | V6: 0 | W6: 0 | X6: 0 | Y6: 0 | Z6: 0 | AA6: 0 | AB6: 0 | AC6: 51449.36 | AD6: 16.8 | AE6: 4432.41 | AF6: 0 | AG6: 0 | AH6: 0 | AI6: 314657.01
A7: Domestic-AGR | B7: 4 d_AGR | C7: 0 | D7: 0 | E7: 0 | F7: 0 | G7: 0 | H7: 0 | I7: 35027.53 | J7: 164985.89 | K7: 20668.78 | L7: 0 | M7: 0 | N7: 0 | O7: 0 | P7: 0 | Q7: 0 | R7: 0 | S7: 0 | T7: 0 | U7: 0 | V7: 0 | W7: 0 | X7: 0 | Y7: 0 | Z7: 0 | AA7: 0 | AB7: 0 | AC7: 52576.52 | AD7: 0.58 | AE7: 335.83 | AF7: 0 | AG7: 0 | AH7: 52046.46 | AI7: 325641.59
A8: Domestic-MFG | B8: 5 d_MFG | C8: 0 | D8: 0 | E8: 0 | F8: 0 | G8: 0 | H8: 0 | I8: 62384.85 | J8: 2006594.5 | K8: 1502184.5 | L8: 0 | M8: 0 | N8: 0 | O8: 0 | P8: 0 | Q8: 0 | R8: 0 | S8: 0 | T8: 0 | U8: 0 | V8: 0 | W8: 0 | X8: 0 | Y8: 0 | Z8: 0 | AA8: 0 | AB8: 0 | AC8: 1355147.9 | AD8: 126.87 | AE8: 763925.81 | AF8: 0 | AG8: 0 | AH8: 969664.88 | AI8: 6660029.3
A9: Domestic-SER | B9: 6 d_SER | C9: 0 | D9: 0 | E9: 0 | F9: 0 | G9: 0 | H9: 0 | I9: 85711.23 | J9: 1328837.5 | K9: 4820635 | L9: 0 | M9: 0 | N9: 0 | O9: 0 | P9: 0 | Q9: 0 | R9: 0 | S9: 0 | T9: 0 | U9: 0 | V9: 0 | W9: 0 | X9: 0 | Y9: 0 | Z9: 0 | AA9: 0 | AB9: 0 | AC9: 7742341 | AD9: 2258210.2 | AE9: 1604037.8 | AF9: 0 | AG9: 28091.47 | AH9: 344501.13 | AI9: 18212365
A10: AGR- activity | B10: 7 a_AGR | C10: 0 | D10: 0 | E10: 0 | F10: 325641.59 | G10: 0 | H10: 0 | I10: 0 | J10: 0 | K10: 0 | L10: 0 | M10: 0 | N10: 0 | O10: 0 | P10: 0 | Q10: 0 | R10: 0 | S10: 0 | T10: 0 | U10: 0 | V10: 0 | W10: 0 | X10: 0 | Y10: 0 | Z10: 0 | AA10: 0 | AB10: 0 | AC10: 0 | AD10: 0 | AE10: 0 | AF10: 0 | AG10: 0 | AH10: 0 | AI10: 325641.59
A11: MFG-activity | B11: 8 a_MFG | C11: 0 | D11: 0 | E11: 0 | F11: 0 | G11: 6657192.5 | H11: 0 | I11: 0 | J11: 0 | K11: 0 | L11: 0 | M11: 0 | N11: 0 | O11: 0 | P11: 0 | Q11: 0 | R11: 0 | S11: 0 | T11: 0 | U11: 0 | V11: 0 | W11: 0 | X11: 0 | Y11: 0 | Z11: 0 | AA11: 0 | AB11: 0 | AC11: 0 | AD11: 0 | AE11: 0 | AF11: 0 | AG11: 0 | AH11: 0 | AI11: 6657192.5
A12: SER-activity | B12: 9 a_SER | C12: 0 | D12: 0 | E12: 0 | F12: 0 | G12: 0 | H12: 18212366 | I12: 0 | J12: 0 | K12: 0 | L12: 0 | M12: 0 | N12: 0 | O12: 0 | P12: 0 | Q12: 0 | R12: 0 | S12: 0 | T12: 0 | U12: 0 | V12: 0 | W12: 0 | X12: 0 | Y12: 0 | Z12: 0 | AA12: 0 | AB12: 0 | AC12: 0 | AD12: 0 | AE12: 0 | AF12: 0 | AG12: 0 | AH12: 0 | AI12: 18212366
A13: Land | B13: 10 LAND | C13: 0 | D13: 0 | E13: 0 | F13: 0 | G13: 0 | H13: 0 | I13: 35950.19 | J13: 0 | K13: 0 | L13: 0 | M13: 0 | N13: 0 | O13: 0 | P13: 0 | Q13: 0 | R13: 0 | S13: 0 | T13: 0 | U13: 0 | V13: 0 | W13: 0 | X13: 0 | Y13: 0 | Z13: 0 | AA13: 0 | AB13: 0 | AC13: 0 | AD13: 0 | AE13: 0 | AF13: 0 | AG13: 0 | AH13: 0 | AI13: 35950.19
A14: Labor | B14: 11 LABOR | C14: 0 | D14: 0 | E14: 0 | F14: 0 | G14: 0 | H14: 0 | I14: 46771.28 | J14: 1360678.1 | K14: 6797237 | L14: 0 | M14: 0 | N14: 0 | O14: 0 | P14: 0 | Q14: 0 | R14: 0 | S14: 0 | T14: 0 | U14: 0 | V14: 0 | W14: 0 | X14: 0 | Y14: 0 | Z14: 0 | AA14: 0 | AB14: 0 | AC14: 0 | AD14: 0 | AE14: 0 | AF14: 0 | AG14: 0 | AH14: 0 | AI14: 8204686.4
A15: Capital | B15: 12 CAPITAL | C15: 0 | D15: 0 | E15: 0 | F15: 0 | G15: 0 | H15: 0 | I15: 52583.06 | J15: 648996.19 | K15: 2846223.8 | L15: 0 | M15: 0 | N15: 0 | O15: 0 | P15: 0 | Q15: 0 | R15: 0 | S15: 0 | T15: 0 | U15: 0 | V15: 0 | W15: 0 | X15: 0 | Y15: 0 | Z15: 0 | AA15: 0 | AB15: 0 | AC15: 0 | AD15: 0 | AE15: 0 | AF15: 0 | AG15: 0 | AH15: 0 | AI15: 3547803
... A36: Total | B36: Total | C36: 33936.16 | D36: 1900783.3 | E36: 314657 | F36: 325641.59 | G36: 6660029.5 | H36: 18212366 | I36: 325641.59 | J36: 6657192.5 | K36: 18212366 | L36: 35950.19 | M36: 8204686.4 | N36: 3547803 | O36: 23613.68 | P36: 2837 | Q36: 730.13 | R36: 58839.43 | S36: -27.19 | T36: 968.21 | U36: 204340.58 | V36: 57973.34 | W36: -1478.7 | X36: 1232100 | Y36: 112146.38 | Z36: 581299.69 | AA36: 2039022.9 | AB36: 12801844 | AC36: 9949302.3 | AD36: 2258359.1 | AE36: 2685578.7 | AF36: 86303.63 | AG36: 86303.63 | AH36: 2139459.1 | AI36: 98750569
B42: Industry GDP | C42: Share of GDP
A43: Agriculture | B43: =SUM(C16,F17,I13:I27,AC18:AE18,AC21:AE21) -> 134915.33 | C43: =+B43/B$46*100 -> 0.95944696
A44: Manufacturing | B44: =SUM(D16,G17,J13:J27,AC19:AE19,AC22:AE22) -> 2547409.2 | C44: =+B44/B$46*100 -> 18.115837
A45: Services | B45: =SUM(E16,H17,K13:K27,AC20:AE20,AC23:AE23) -> 11379456 | C45: =+B45/B$46*100 -> 80.924717
A46: Total | B46: =SUM(B43:B45) -> 14061781 | C46: =SUM(C43:C45) -> 100

Sheet Factor shares in industry cost
A1: NUS333 v8 SAM 2007 $US millions
B3: ASAM | C3: 1 m_AGR | D3: 2 m_MFG | E3: 3 m_SER | F3: 4 d_AGR | G3: 5 d_MFG | H3: 6 d_SER | I3: 7 a_AGR | J3: 8 a_MFG | K3: 9 a_SER | L3: 10 LAND | M3: 11 LABOR | N3: 12 CAPITAL | O3: 13 tmm_world | P3: 14 tee_world | Q3: 15 tssm_AGR | R3: 16 tssm_MFG | S3: 17 tssm_SER | T3: 18 tssd_AGR | U3: 19 tssd_MFG | V3: 20 tssd_SER | W3: 21 tf_LAND | X3: 22 tf_LABOR | Y3: 23 tf_CAPITAL | Z3: 29 PRODTAX | AA3: 30 DIRTAX | AB3: 27 REGHOUS | AC3: 28 PRIV | AD3: 31 GOVT | AE3: 32 CGDS | AF3: 24 SER_world | AG3: 25 SER_pvst | AH3: 26 ww_world | AI3: Total
A4: Import-AGR | B4: 1 m_AGR | C4: 0 | D4: 0 | E4: 0 | F4: 0 | G4: 0 | H4: 0 | I4: 1383.3 | J4: 14597.56 | K4: 5193.94 | L4: 0 | M4: 0 | N4: 0 | O4: 0 | P4: 0 | Q4: 0 | R4: 0 | S4: 0 | T4: 0 | U4: 0 | V4: 0 | W4: 0 | X4: 0 | Y4: 0 | Z4: 0 | AA4: 0 | AB4: 0 | AC4: 12718.17 | AD4: 0.11 | AE4: 43.08 | AF4: 0 | AG4: 0 | AH4: 0 | AI4: 33936.16
A5: Import-MFG | B5: 2 m_MFG | C5: 0 | D5: 0 | E5: 0 | F5: 0 | G5: 0 | H5: 0 | I5: 9149.65 | J5: 796635.5 | K5: 299808.41 | L5: 0 | M5: 0 | N5: 0 | O5: 0 | P5: 0 | Q5: 0 | R5: 0 | S5: 0 | T5: 0 | U5: 0 | V5: 0 | W5: 0 | X5: 0 | Y5: 0 | Z5: 0 | AA5: 0 | AB5: 0 | AC5: 500838.03 | AD5: 4.51 | AE5: 294347.22 | AF5: 0 | AG5: 0 | AH5: 0 | AI5: 1900783.3
A6: Import-SER | B6: 3 m_SER | C6: 0 | D6: 0 | E6: 0 | F6: 0 | G6: 0 | H6: 0 | I6: 732.17 | J6: 22260.94 | K6: 235765.33 | L6: 0 | M6: 0 | N6: 0 | O6: 0 | P6: 0 | Q6: 0 | R6: 0 | S6: 0 | T6: 0 | U6: 0 | V6: 0 | W6: 0 | X6: 0 | Y6: 0 | Z6: 0 | AA6: 0 | AB6: 0 | AC6: 51449.36 | AD6: 16.8 | AE6: 4432.41 | AF6: 0 | AG6: 0 | AH6: 0 | AI6: 314657.01
A7: Domestic-AGR | B7: 4 d_AGR | C7: 0 | D7: 0 | E7: 0 | F7: 0 | G7: 0 | H7: 0 | I7: 35027.53 | J7: 164985.89 | K7: 20668.78 | L7: 0 | M7: 0 | N7: 0 | O7: 0 | P7: 0 | Q7: 0 | R7: 0 | S7: 0 | T7: 0 | U7: 0 | V7: 0 | W7: 0 | X7: 0 | Y7: 0 | Z7: 0 | AA7: 0 | AB7: 0 | AC7: 52576.52 | AD7: 0.58 | AE7: 335.83 | AF7: 0 | AG7: 0 | AH7: 52046.46 | AI7: 325641.59
A8: Domestic-MFG | B8: 5 d_MFG | C8: 0 | D8: 0 | E8: 0 | F8: 0 | G8: 0 | H8: 0 | I8: 62384.85 | J8: 2006594.5 | K8: 1502184.5 | L8: 0 | M8: 0 | N8: 0 | O8: 0 | P8: 0 | Q8: 0 | R8: 0 | S8: 0 | T8: 0 | U8: 0 | V8: 0 | W8: 0 | X8: 0 | Y8: 0 | Z8: 0 | AA8: 0 | AB8: 0 | AC8: 1355147.9 | AD8: 126.87 | AE8: 763925.81 | AF8: 0 | AG8: 0 | AH8: 969664.88 | AI8: 6660029.3
A9: Domestic-SER | B9: 6 d_SER | C9: 0 | D9: 0 | E9: 0 | F9: 0 | G9: 0 | H9: 0 | I9: 85711.23 | J9: 1328837.5 | K9: 4820635 | L9: 0 | M9: 0 | N9: 0 | O9: 0 | P9: 0 | Q9: 0 | R9: 0 | S9: 0 | T9: 0 | U9: 0 | V9: 0 | W9: 0 | X9: 0 | Y9: 0 | Z9: 0 | AA9: 0 | AB9: 0 | AC9: 7742341 | AD9: 2258210.2 | AE9: 1604037.8 | AF9: 0 | AG9: 28091.47 | AH9: 344501.13 | AI9: 18212365
A10: AGR- activity | B10: 7 a_AGR | C10: 0 | D10: 0 | E10: 0 | F10: 325641.59 | G10: 0 | H10: 0 | I10: 0 | J10: 0 | K10: 0 | L10: 0 | M10: 0 | N10: 0 | O10: 0 | P10: 0 | Q10: 0 | R10: 0 | S10: 0 | T10: 0 | U10: 0 | V10: 0 | W10: 0 | X10: 0 | Y10: 0 | Z10: 0 | AA10: 0 | AB10: 0 | AC10: 0 | AD10: 0 | AE10: 0 | AF10: 0 | AG10: 0 | AH10: 0 | AI10: 325641.59
A11: MFG-activity | B11: 8 a_MFG | C11: 0 | D11: 0 | E11: 0 | F11: 0 | G11: 6657192.5 | H11: 0 | I11: 0 | J11: 0 | K11: 0 | L11: 0 | M11: 0 | N11: 0 | O11: 0 | P11: 0 | Q11: 0 | R11: 0 | S11: 0 | T11: 0 | U11: 0 | V11: 0 | W11: 0 | X11: 0 | Y11: 0 | Z11: 0 | AA11: 0 | AB11: 0 | AC11: 0 | AD11: 0 | AE11: 0 | AF11: 0 | AG11: 0 | AH11: 0 | AI11: 6657192.5
A12: SER-activity | B12: 9 a_SER | C12: 0 | D12: 0 | E12: 0 | F12: 0 | G12: 0 | H12: 18212366 | I12: 0 | J12: 0 | K12: 0 | L12: 0 | M12: 0 | N12: 0 | O12: 0 | P12: 0 | Q12: 0 | R12: 0 | S12: 0 | T12: 0 | U12: 0 | V12: 0 | W12: 0 | X12: 0 | Y12: 0 | Z12: 0 | AA12: 0 | AB12: 0 | AC12: 0 | AD12: 0 | AE12: 0 | AF12: 0 | AG12: 0 | AH12: 0 | AI12: 18212366
A13: Land | B13: 10 LAND | C13: 0 | D13: 0 | E13: 0 | F13: 0 | G13: 0 | H13: 0 | I13: 35950.19 | J13: 0 | K13: 0 | L13: 0 | M13: 0 | N13: 0 | O13: 0 | P13: 0 | Q13: 0 | R13: 0 | S13: 0 | T13: 0 | U13: 0 | V13: 0 | W13: 0 | X13: 0 | Y13: 0 | Z13: 0 | AA13: 0 | AB13: 0 | AC13: 0 | AD13: 0 | AE13: 0 | AF13: 0 | AG13: 0 | AH13: 0 | AI13: 35950.19
A14: Labor | B14: 11 LABOR | C14: 0 | D14: 0 | E14: 0 | F14: 0 | G14: 0 | H14: 0 | I14: 46771.28 | J14: 1360678.1 | K14: 6797237 | L14: 0 | M14: 0 | N14: 0 | O14: 0 | P14: 0 | Q14: 0 | R14: 0 | S14: 0 | T14: 0 | U14: 0 | V14: 0 | W14: 0 | X14: 0 | Y14: 0 | Z14: 0 | AA14: 0 | AB14: 0 | AC14: 0 | AD14: 0 | AE14: 0 | AF14: 0 | AG14: 0 | AH14: 0 | AI14: 8204686.4
A15: Capital | B15: 12 CAPITAL | C15: 0 | D15: 0 | E15: 0 | F15: 0 | G15: 0 | H15: 0 | I15: 52583.06 | J15: 648996.19 | K15: 2846223.8 | L15: 0 | M15: 0 | N15: 0 | O15: 0 | P15: 0 | Q15: 0 | R15: 0 | S15: 0 | T15: 0 | U15: 0 | V15: 0 | W15: 0 | X15: 0 | Y15: 0 | Z15: 0 | AA15: 0 | AB15: 0 | AC15: 0 | AD15: 0 | AE15: 0 | AF15: 0 | AG15: 0 | AH15: 0 | AI15: 3547803
... A36: Total | B36: Total | C36: 33936.16 | D36: 1900783.3 | E36: 314657 | F36: 325641.59 | G36: 6660029.5 | H36: 18212366 | I36: 325641.59 | J36: 6657192.5 | K36: 18212366 | L36: 35950.19 | M36: 8204686.4 | N36: 3547803 | O36: 23613.68 | P36: 2837 | Q36: 730.13 | R36: 58839.43 | S36: -27.19 | T36: 968.21 | U36: 204340.58 | V36: 57973.34 | W36: -1478.7 | X36: 1232100 | Y36: 112146.38 | Z36: 581299.69 | AA36: 2039022.9 | AB36: 12801844 | AC36: 9949302.3 | AD36: 2258359.1 | AE36: 2685578.7 | AF36: 86303.63 | AG36: 86303.63 | AH36: 2139459.1 | AI36: 98750569
A42: Factor shares in industry factor cost
B43: AGR | C43: MFG | D43: SER
A44: Land | B44: =SUM(I13+I24)/B$47*100 -> 10.585715 | C44: =SUM(J13+J24)/C$47*100 -> 0 | D44: =SUM(K13+K24)/D$47*100 -> 0
A45: Labor | B45: =SUM(I14+I25)/B$47*100 -> 15.538909 | C45: =SUM(J14+J25)/C$47*100 -> 23.516584 | D45: =SUM(K14+K25)/D$47*100 -> 42.941378
A46: Capital | B46: =SUM(I15+I26)/B$47*100 -> 15.636228 | C46: =SUM(J15+J26)/C$47*100 -> 10.066238 | D46: =SUM(K15+K26)/D$47*100 -> 16.136852
A47: Total | B47: =+I36 -> 325641.59 | C47: =+J36 -> 6657192.5 | D47: =+K36 -> 18212366

Sheet Industry shrs in employment
A1: NUS333 v8 SAM 2007 $US millions
B3: ASAM | C3: 1 m_AGR | D3: 2 m_MFG | E3: 3 m_SER | F3: 4 d_AGR | G3: 5 d_MFG | H3: 6 d_SER | I3: 7 a_AGR | J3: 8 a_MFG | K3: 9 a_SER | L3: 10 LAND | M3: 11 LABOR | N3: 12 CAPITAL | O3: 13 tmm_world | P3: 14 tee_world | Q3: 15 tssm_AGR | R3: 16 tssm_MFG | S3: 17 tssm_SER | T3: 18 tssd_AGR | U3: 19 tssd_MFG | V3: 20 tssd_SER | W3: 21 tf_LAND | X3: 22 tf_LABOR | Y3: 23 tf_CAPITAL | Z3: 29 PRODTAX | AA3: 30 DIRTAX | AB3: 27 REGHOUS | AC3: 28 PRIV | AD3: 31 GOVT | AE3: 32 CGDS | AF3: 24 SER_world | AG3: 25 SER_pvst | AH3: 26 ww_world | AI3: Total
A4: Import-AGR | B4: 1 m_AGR | C4: 0 | D4: 0 | E4: 0 | F4: 0 | G4: 0 | H4: 0 | I4: 1383.3 | J4: 14597.56 | K4: 5193.94 | L4: 0 | M4: 0 | N4: 0 | O4: 0 | P4: 0 | Q4: 0 | R4: 0 | S4: 0 | T4: 0 | U4: 0 | V4: 0 | W4: 0 | X4: 0 | Y4: 0 | Z4: 0 | AA4: 0 | AB4: 0 | AC4: 12718.17 | AD4: 0.11 | AE4: 43.08 | AF4: 0 | AG4: 0 | AH4: 0 | AI4: 33936.16
A5: Import-MFG | B5: 2 m_MFG | C5: 0 | D5: 0 | E5: 0 | F5: 0 | G5: 0 | H5: 0 | I5: 9149.65 | J5: 796635.5 | K5: 299808.41 | L5: 0 | M5: 0 | N5: 0 | O5: 0 | P5: 0 | Q5: 0 | R5: 0 | S5: 0 | T5: 0 | U5: 0 | V5: 0 | W5: 0 | X5: 0 | Y5: 0 | Z5: 0 | AA5: 0 | AB5: 0 | AC5: 500838.03 | AD5: 4.51 | AE5: 294347.22 | AF5: 0 | AG5: 0 | AH5: 0 | AI5: 1900783.3
A6: Import-SER | B6: 3 m_SER | C6: 0 | D6: 0 | E6: 0 | F6: 0 | G6: 0 | H6: 0 | I6: 732.17 | J6: 22260.94 | K6: 235765.33 | L6: 0 | M6: 0 | N6: 0 | O6: 0 | P6: 0 | Q6: 0 | R6: 0 | S6: 0 | T6: 0 | U6: 0 | V6: 0 | W6: 0 | X6: 0 | Y6: 0 | Z6: 0 | AA6: 0 | AB6: 0 | AC6: 51449.36 | AD6: 16.8 | AE6: 4432.41 | AF6: 0 | AG6: 0 | AH6: 0 | AI6: 314657.01
A7: Domestic-AGR | B7: 4 d_AGR | C7: 0 | D7: 0 | E7: 0 | F7: 0 | G7: 0 | H7: 0 | I7: 35027.53 | J7: 164985.89 | K7: 20668.78 | L7: 0 | M7: 0 | N7: 0 | O7: 0 | P7: 0 | Q7: 0 | R7: 0 | S7: 0 | T7: 0 | U7: 0 | V7: 0 | W7: 0 | X7: 0 | Y7: 0 | Z7: 0 | AA7: 0 | AB7: 0 | AC7: 52576.52 | AD7: 0.58 | AE7: 335.83 | AF7: 0 | AG7: 0 | AH7: 52046.46 | AI7: 325641.59
A8: Domestic-MFG | B8: 5 d_MFG | C8: 0 | D8: 0 | E8: 0 | F8: 0 | G8: 0 | H8: 0 | I8: 62384.85 | J8: 2006594.5 | K8: 1502184.5 | L8: 0 | M8: 0 | N8: 0 | O8: 0 | P8: 0 | Q8: 0 | R8: 0 | S8: 0 | T8: 0 | U8: 0 | V8: 0 | W8: 0 | X8: 0 | Y8: 0 | Z8: 0 | AA8: 0 | AB8: 0 | AC8: 1355147.9 | AD8: 126.87 | AE8: 763925.81 | AF8: 0 | AG8: 0 | AH8: 969664.88 | AI8: 6660029.3
A9: Domestic-SER | B9: 6 d_SER | C9: 0 | D9: 0 | E9: 0 | F9: 0 | G9: 0 | H9: 0 | I9: 85711.23 | J9: 1328837.5 | K9: 4820635 | L9: 0 | M9: 0 | N9: 0 | O9: 0 | P9: 0 | Q9: 0 | R9: 0 | S9: 0 | T9: 0 | U9: 0 | V9: 0 | W9: 0 | X9: 0 | Y9: 0 | Z9: 0 | AA9: 0 | AB9: 0 | AC9: 7742341 | AD9: 2258210.2 | AE9: 1604037.8 | AF9: 0 | AG9: 28091.47 | AH9: 344501.13 | AI9: 18212365
A10: AGR- activity | B10: 7 a_AGR | C10: 0 | D10: 0 | E10: 0 | F10: 325641.59 | G10: 0 | H10: 0 | I10: 0 | J10: 0 | K10: 0 | L10: 0 | M10: 0 | N10: 0 | O10: 0 | P10: 0 | Q10: 0 | R10: 0 | S10: 0 | T10: 0 | U10: 0 | V10: 0 | W10: 0 | X10: 0 | Y10: 0 | Z10: 0 | AA10: 0 | AB10: 0 | AC10: 0 | AD10: 0 | AE10: 0 | AF10: 0 | AG10: 0 | AH10: 0 | AI10: 325641.59
A11: MFG-activity | B11: 8 a_MFG | C11: 0 | D11: 0 | E11: 0 | F11: 0 | G11: 6657192.5 | H11: 0 | I11: 0 | J11: 0 | K11: 0 | L11: 0 | M11: 0 | N11: 0 | O11: 0 | P11: 0 | Q11: 0 | R11: 0 | S11: 0 | T11: 0 | U11: 0 | V11: 0 | W11: 0 | X11: 0 | Y11: 0 | Z11: 0 | AA11: 0 | AB11: 0 | AC11: 0 | AD11: 0 | AE11: 0 | AF11: 0 | AG11: 0 | AH11: 0 | AI11: 6657192.5
A12: SER-activity | B12: 9 a_SER | C12: 0 | D12: 0 | E12: 0 | F12: 0 | G12: 0 | H12: 18212366 | I12: 0 | J12: 0 | K12: 0 | L12: 0 | M12: 0 | N12: 0 | O12: 0 | P12: 0 | Q12: 0 | R12: 0 | S12: 0 | T12: 0 | U12: 0 | V12: 0 | W12: 0 | X12: 0 | Y12: 0 | Z12: 0 | AA12: 0 | AB12: 0 | AC12: 0 | AD12: 0 | AE12: 0 | AF12: 0 | AG12: 0 | AH12: 0 | AI12: 18212366
A13: Land | B13: 10 LAND | C13: 0 | D13: 0 | E13: 0 | F13: 0 | G13: 0 | H13: 0 | I13: 35950.19 | J13: 0 | K13: 0 | L13: 0 | M13: 0 | N13: 0 | O13: 0 | P13: 0 | Q13: 0 | R13: 0 | S13: 0 | T13: 0 | U13: 0 | V13: 0 | W13: 0 | X13: 0 | Y13: 0 | Z13: 0 | AA13: 0 | AB13: 0 | AC13: 0 | AD13: 0 | AE13: 0 | AF13: 0 | AG13: 0 | AH13: 0 | AI13: 35950.19
A14: Labor | B14: 11 LABOR | C14: 0 | D14: 0 | E14: 0 | F14: 0 | G14: 0 | H14: 0 | I14: 46771.28 | J14: 1360678.1 | K14: 6797237 | L14: 0 | M14: 0 | N14: 0 | O14: 0 | P14: 0 | Q14: 0 | R14: 0 | S14: 0 | T14: 0 | U14: 0 | V14: 0 | W14: 0 | X14: 0 | Y14: 0 | Z14: 0 | AA14: 0 | AB14: 0 | AC14: 0 | AD14: 0 | AE14: 0 | AF14: 0 | AG14: 0 | AH14: 0 | AI14: 8204686.4
A15: Capital | B15: 12 CAPITAL | C15: 0 | D15: 0 | E15: 0 | F15: 0 | G15: 0 | H15: 0 | I15: 52583.06 | J15: 648996.19 | K15: 2846223.8 | L15: 0 | M15: 0 | N15: 0 | O15: 0 | P15: 0 | Q15: 0 | R15: 0 | S15: 0 | T15: 0 | U15: 0 | V15: 0 | W15: 0 | X15: 0 | Y15: 0 | Z15: 0 | AA15: 0 | AB15: 0 | AC15: 0 | AD15: 0 | AE15: 0 | AF15: 0 | AG15: 0 | AH15: 0 | AI15: 3547803
... A36: Total | B36: Total | C36: 33936.16 | D36: 1900783.3 | E36: 314657 | F36: 325641.59 | G36: 6660029.5 | H36: 18212366 | I36: 325641.59 | J36: 6657192.5 | K36: 18212366 | L36: 35950.19 | M36: 8204686.4 | N36: 3547803 | O36: 23613.68 | P36: 2837 | Q36: 730.13 | R36: 58839.43 | S36: -27.19 | T36: 968.21 | U36: 204340.58 | V36: 57973.34 | W36: -1478.7 | X36: 1232100 | Y36: 112146.38 | Z36: 581299.69 | AA36: 2039022.9 | AB36: 12801844 | AC36: 9949302.3 | AD36: 2258359.1 | AE36: 2685578.7 | AF36: 86303.63 | AG36: 86303.63 | AH36: 2139459.1 | AI36: 98750569
A42: Industry shares in factor employment
B43: Land | C43: Labor | D43: Capital
A44: Agriculture | B44: =+I13/SUM($I13:$K13)*100 -> 100 | C44: =+I14/SUM($I14:$K14)*100 -> 0.57005567 | D44: =+I15/SUM($I15:$K15)*100 -> 1.4821302
A45: Manufacturing | B45: =+J13/SUM($I13:$K13)*100 -> 0 | C45: =+J14/SUM($I14:$K14)*100 -> 16.584158 | D45: =+J15/SUM($I15:$K15)*100 -> 18.292904
A46: Services | B46: =+K13/SUM($I13:$K13)*100 -> 0 | C46: =+K14/SUM($I14:$K14)*100 -> 82.845787 | D46: =+K15/SUM($I15:$K15)*100 -> 80.224966
A47: Total | B47: =SUM(B44:B46) -> 100 | C47: =SUM(C44:C46) -> 100 | D47: =SUM(D44:D46) -> 100 | H47: \

Sheet Comm shr in domestic demand
A1: NUS333 v8 SAM 2007 $US millions
B3: ASAM | C3: 1 m_AGR | D3: 2 m_MFG | E3: 3 m_SER | F3: 4 d_AGR | G3: 5 d_MFG | H3: 6 d_SER | I3: 7 a_AGR | J3: 8 a_MFG | K3: 9 a_SER | L3: 10 LAND | M3: 11 LABOR | N3: 12 CAPITAL | O3: 13 tmm_world | P3: 14 tee_world | Q3: 15 tssm_AGR | R3: 16 tssm_MFG | S3: 17 tssm_SER | T3: 18 tssd_AGR | U3: 19 tssd_MFG | V3: 20 tssd_SER | W3: 21 tf_LAND | X3: 22 tf_LABOR | Y3: 23 tf_CAPITAL | Z3: 29 PRODTAX | AA3: 30 DIRTAX | AB3: 27 REGHOUS | AC3: 28 PRIV | AD3: 31 GOVT | AE3: 32 CGDS | AF3: 24 SER_world | AG3: 25 SER_pvst | AH3: 26 ww_world | AI3: Total
A4: Import-AGR | B4: 1 m_AGR | C4: 0 | D4: 0 | E4: 0 | F4: 0 | G4: 0 | H4: 0 | I4: 1383.3 | J4: 14597.56 | K4: 5193.94 | L4: 0 | M4: 0 | N4: 0 | O4: 0 | P4: 0 | Q4: 0 | R4: 0 | S4: 0 | T4: 0 | U4: 0 | V4: 0 | W4: 0 | X4: 0 | Y4: 0 | Z4: 0 | AA4: 0 | AB4: 0 | AC4: 12718.17 | AD4: 0.11 | AE4: 43.08 | AF4: 0 | AG4: 0 | AH4: 0 | AI4: 33936.16
A5: Import-MFG | B5: 2 m_MFG | C5: 0 | D5: 0 | E5: 0 | F5: 0 | G5: 0 | H5: 0 | I5: 9149.65 | J5: 796635.5 | K5: 299808.41 | L5: 0 | M5: 0 | N5: 0 | O5: 0 | P5: 0 | Q5: 0 | R5: 0 | S5: 0 | T5: 0 | U5: 0 | V5: 0 | W5: 0 | X5: 0 | Y5: 0 | Z5: 0 | AA5: 0 | AB5: 0 | AC5: 500838.03 | AD5: 4.51 | AE5: 294347.22 | AF5: 0 | AG5: 0 | AH5: 0 | AI5: 1900783.3
A6: Import-SER | B6: 3 m_SER | C6: 0 | D6: 0 | E6: 0 | F6: 0 | G6: 0 | H6: 0 | I6: 732.17 | J6: 22260.94 | K6: 235765.33 | L6: 0 | M6: 0 | N6: 0 | O6: 0 | P6: 0 | Q6: 0 | R6: 0 | S6: 0 | T6: 0 | U6: 0 | V6: 0 | W6: 0 | X6: 0 | Y6: 0 | Z6: 0 | AA6: 0 | AB6: 0 | AC6: 51449.36 | AD6: 16.8 | AE6: 4432.41 | AF6: 0 | AG6: 0 | AH6: 0 | AI6: 314657.01
A7: Domestic-AGR | B7: 4 d_AGR | C7: 0 | D7: 0 | E7: 0 | F7: 0 | G7: 0 | H7: 0 | I7: 35027.53 | J7: 164985.89 | K7: 20668.78 | L7: 0 | M7: 0 | N7: 0 | O7: 0 | P7: 0 | Q7: 0 | R7: 0 | S7: 0 | T7: 0 | U7: 0 | V7: 0 | W7: 0 | X7: 0 | Y7: 0 | Z7: 0 | AA7: 0 | AB7: 0 | AC7: 52576.52 | AD7: 0.58 | AE7: 335.83 | AF7: 0 | AG7: 0 | AH7: 52046.46 | AI7: 325641.59
A8: Domestic-MFG | B8: 5 d_MFG | C8: 0 | D8: 0 | E8: 0 | F8: 0 | G8: 0 | H8: 0 | I8: 62384.85 | J8: 2006594.5 | K8: 1502184.5 | L8: 0 | M8: 0 | N8: 0 | O8: 0 | P8: 0 | Q8: 0 | R8: 0 | S8: 0 | T8: 0 | U8: 0 | V8: 0 | W8: 0 | X8: 0 | Y8: 0 | Z8: 0 | AA8: 0 | AB8: 0 | AC8: 1355147.9 | AD8: 126.87 | AE8: 763925.81 | AF8: 0 | AG8: 0 | AH8: 969664.88 | AI8: 6660029.3
A9: Domestic-SER | B9: 6 d_SER | C9: 0 | D9: 0 | E9: 0 | F9: 0 | G9: 0 | H9: 0 | I9: 85711.23 | J9: 1328837.5 | K9: 4820635 | L9: 0 | M9: 0 | N9: 0 | O9: 0 | P9: 0 | Q9: 0 | R9: 0 | S9: 0 | T9: 0 | U9: 0 | V9: 0 | W9: 0 | X9: 0 | Y9: 0 | Z9: 0 | AA9: 0 | AB9: 0 | AC9: 7742341 | AD9: 2258210.2 | AE9: 1604037.8 | AF9: 0 | AG9: 28091.47 | AH9: 344501.13 | AI9: 18212365
A10: AGR- activity | B10: 7 a_AGR | C10: 0 | D10: 0 | E10: 0 | F10: 325641.59 | G10: 0 | H10: 0 | I10: 0 | J10: 0 | K10: 0 | L10: 0 | M10: 0 | N10: 0 | O10: 0 | P10: 0 | Q10: 0 | R10: 0 | S10: 0 | T10: 0 | U10: 0 | V10: 0 | W10: 0 | X10: 0 | Y10: 0 | Z10: 0 | AA10: 0 | AB10: 0 | AC10: 0 | AD10: 0 | AE10: 0 | AF10: 0 | AG10: 0 | AH10: 0 | AI10: 325641.59
A11: MFG-activity | B11: 8 a_MFG | C11: 0 | D11: 0 | E11: 0 | F11: 0 | G11: 6657192.5 | H11: 0 | I11: 0 | J11: 0 | K11: 0 | L11: 0 | M11: 0 | N11: 0 | O11: 0 | P11: 0 | Q11: 0 | R11: 0 | S11: 0 | T11: 0 | U11: 0 | V11: 0 | W11: 0 | X11: 0 | Y11: 0 | Z11: 0 | AA11: 0 | AB11: 0 | AC11: 0 | AD11: 0 | AE11: 0 | AF11: 0 | AG11: 0 | AH11: 0 | AI11: 6657192.5
A12: SER-activity | B12: 9 a_SER | C12: 0 | D12: 0 | E12: 0 | F12: 0 | G12: 0 | H12: 18212366 | I12: 0 | J12: 0 | K12: 0 | L12: 0 | M12: 0 | N12: 0 | O12: 0 | P12: 0 | Q12: 0 | R12: 0 | S12: 0 | T12: 0 | U12: 0 | V12: 0 | W12: 0 | X12: 0 | Y12: 0 | Z12: 0 | AA12: 0 | AB12: 0 | AC12: 0 | AD12: 0 | AE12: 0 | AF12: 0 | AG12: 0 | AH12: 0 | AI12: 18212366
A13: Land | B13: 10 LAND | C13: 0 | D13: 0 | E13: 0 | F13: 0 | G13: 0 | H13: 0 | I13: 35950.19 | J13: 0 | K13: 0 | L13: 0 | M13: 0 | N13: 0 | O13: 0 | P13: 0 | Q13: 0 | R13: 0 | S13: 0 | T13: 0 | U13: 0 | V13: 0 | W13: 0 | X13: 0 | Y13: 0 | Z13: 0 | AA13: 0 | AB13: 0 | AC13: 0 | AD13: 0 | AE13: 0 | AF13: 0 | AG13: 0 | AH13: 0 | AI13: 35950.19
A14: Labor | B14: 11 LABOR | C14: 0 | D14: 0 | E14: 0 | F14: 0 | G14: 0 | H14: 0 | I14: 46771.28 | J14: 1360678.1 | K14: 6797237 | L14: 0 | M14: 0 | N14: 0 | O14: 0 | P14: 0 | Q14: 0 | R14: 0 | S14: 0 | T14: 0 | U14: 0 | V14: 0 | W14: 0 | X14: 0 | Y14: 0 | Z14: 0 | AA14: 0 | AB14: 0 | AC14: 0 | AD14: 0 | AE14: 0 | AF14: 0 | AG14: 0 | AH14: 0 | AI14: 8204686.4
A15: Capital | B15: 12 CAPITAL | C15: 0 | D15: 0 | E15: 0 | F15: 0 | G15: 0 | H15: 0 | I15: 52583.06 | J15: 648996.19 | K15: 2846223.8 | L15: 0 | M15: 0 | N15: 0 | O15: 0 | P15: 0 | Q15: 0 | R15: 0 | S15: 0 | T15: 0 | U15: 0 | V15: 0 | W15: 0 | X15: 0 | Y15: 0 | Z15: 0 | AA15: 0 | AB15: 0 | AC15: 0 | AD15: 0 | AE15: 0 | AF15: 0 | AG15: 0 | AH15: 0 | AI15: 3547803
... A36: Total | B36: Total | C36: 33936.16 | D36: 1900783.3 | E36: 314657 | F36: 325641.59 | G36: 6660029.5 | H36: 18212366 | I36: 325641.59 | J36: 6657192.5 | K36: 18212366 | L36: 35950.19 | M36: 8204686.4 | N36: 3547803 | O36: 23613.68 | P36: 2837 | Q36: 730.13 | R36: 58839.43 | S36: -27.19 | T36: 968.21 | U36: 204340.58 | V36: 57973.34 | W36: -1478.7 | X36: 1232100 | Y36: 112146.38 | Z36: 581299.69 | AA36: 2039022.9 | AB36: 12801844 | AC36: 9949302.3 | AD36: 2258359.1 | AE36: 2685578.7 | AF36: 86303.63 | AG36: 86303.63 | AH36: 2139459.1 | AI36: 98750569
B39: Households
B42: Intermediate demand | C42: Households | D42: Govt. | E42: Investment
A43: Agriculture | B43: =+SUM(I4,I7,I18,I21)/SUM($I$4:$I$9,$I$18:$I$23)*100 -> 18.516046 | C43: =+SUM(AC7+AC4+AC18+AC21)/AC$36*100 -> 0.68783436 | D43: =+SUM(AD7+AD4+AD18+AD21)/AD$36*100 -> 3.0553157e-05 | E43: =+SUM(AE7+AE4+AE18+AE21)/AE$36*100 -> 0.014109063
A44: Manufacturing | B44: =+SUM(I5,I8,I19,I22)/SUM($I$4:$I$9,$I$18:$I$23)*100 -> 37.588964 | C44: =+SUM(AC8+AC5+AC19+AC22)/AC$36*100 -> 20.469254 | D44: =+SUM(AD8+AD5+AD19+AD22)/AD$36*100 -> 0.0058174981 | E44: =+SUM(AE8+AE5+AE19+AE22)/AE$36*100 -> 40.06255
A45: Services | B45: =+SUM(I6,I9,I20,I23)/SUM($I$4:$I$9,$I$18:$I$23)*100 -> 43.89499 | C45: =+SUM(AC9+AC6+AC20+AC23)/AC$36*100 -> 78.842911 | D45: =+SUM(AD9+AD6+AD20+AD23)/AD$36*100 -> 99.994152 | E45: =+SUM(AE9+AE6+AE20+AE23)/AE$36*100 -> 59.923296
A46: Total | B46: =SUM(B43:B45) -> 100 | C46: =SUM(C43:C45) -> 100 | D46: =SUM(D43:D45) -> 100 | E46: =SUM(E43:E45) -> 99.999955

Sheet Commod shr in imports&exports
A1: NUS333 v8 SAM 2007 $US millions
B3: ASAM | C3: 1 m_AGR | D3: 2 m_MFG | E3: 3 m_SER | F3: 4 d_AGR | G3: 5 d_MFG | H3: 6 d_SER | I3: 7 a_AGR | J3: 8 a_MFG | K3: 9 a_SER | L3: 10 LAND | M3: 11 LABOR | N3: 12 CAPITAL | O3: 13 tmm_world | P3: 14 tee_world | Q3: 15 tssm_AGR | R3: 16 tssm_MFG | S3: 17 tssm_SER | T3: 18 tssd_AGR | U3: 19 tssd_MFG | V3: 20 tssd_SER | W3: 21 tf_LAND | X3: 22 tf_LABOR | Y3: 23 tf_CAPITAL | Z3: 29 PRODTAX | AA3: 30 DIRTAX | AB3: 27 REGHOUS | AC3: 28 PRIV | AD3: 31 GOVT | AE3: 32 CGDS | AF3: 24 SER_world | AG3: 25 SER_pvst | AH3: 26 ww_world | AI3: Total
A4: Import-AGR | B4: 1 m_AGR | C4: 0 | D4: 0 | E4: 0 | F4: 0 | G4: 0 | H4: 0 | I4: 1383.3 | J4: 14597.56 | K4: 5193.94 | L4: 0 | M4: 0 | N4: 0 | O4: 0 | P4: 0 | Q4: 0 | R4: 0 | S4: 0 | T4: 0 | U4: 0 | V4: 0 | W4: 0 | X4: 0 | Y4: 0 | Z4: 0 | AA4: 0 | AB4: 0 | AC4: 12718.17 | AD4: 0.11 | AE4: 43.08 | AF4: 0 | AG4: 0 | AH4: 0 | AI4: 33936.16
A5: Import-MFG | B5: 2 m_MFG | C5: 0 | D5: 0 | E5: 0 | F5: 0 | G5: 0 | H5: 0 | I5: 9149.65 | J5: 796635.5 | K5: 299808.41 | L5: 0 | M5: 0 | N5: 0 | O5: 0 | P5: 0 | Q5: 0 | R5: 0 | S5: 0 | T5: 0 | U5: 0 | V5: 0 | W5: 0 | X5: 0 | Y5: 0 | Z5: 0 | AA5: 0 | AB5: 0 | AC5: 500838.03 | AD5: 4.51 | AE5: 294347.22 | AF5: 0 | AG5: 0 | AH5: 0 | AI5: 1900783.3
A6: Import-SER | B6: 3 m_SER | C6: 0 | D6: 0 | E6: 0 | F6: 0 | G6: 0 | H6: 0 | I6: 732.17 | J6: 22260.94 | K6: 235765.33 | L6: 0 | M6: 0 | N6: 0 | O6: 0 | P6: 0 | Q6: 0 | R6: 0 | S6: 0 | T6: 0 | U6: 0 | V6: 0 | W6: 0 | X6: 0 | Y6: 0 | Z6: 0 | AA6: 0 | AB6: 0 | AC6: 51449.36 | AD6: 16.8 | AE6: 4432.41 | AF6: 0 | AG6: 0 | AH6: 0 | AI6: 314657.01
A7: Domestic-AGR | B7: 4 d_AGR | C7: 0 | D7: 0 | E7: 0 | F7: 0 | G7: 0 | H7: 0 | I7: 35027.53 | J7: 164985.89 | K7: 20668.78 | L7: 0 | M7: 0 | N7: 0 | O7: 0 | P7: 0 | Q7: 0 | R7: 0 | S7: 0 | T7: 0 | U7: 0 | V7: 0 | W7: 0 | X7: 0 | Y7: 0 | Z7: 0 | AA7: 0 | AB7: 0 | AC7: 52576.52 | AD7: 0.58 | AE7: 335.83 | AF7: 0 | AG7: 0 | AH7: 52046.46 | AI7: 325641.59
A8: Domestic-MFG | B8: 5 d_MFG | C8: 0 | D8: 0 | E8: 0 | F8: 0 | G8: 0 | H8: 0 | I8: 62384.85 | J8: 2006594.5 | K8: 1502184.5 | L8: 0 | M8: 0 | N8: 0 | O8: 0 | P8: 0 | Q8: 0 | R8: 0 | S8: 0 | T8: 0 | U8: 0 | V8: 0 | W8: 0 | X8: 0 | Y8: 0 | Z8: 0 | AA8: 0 | AB8: 0 | AC8: 1355147.9 | AD8: 126.87 | AE8: 763925.81 | AF8: 0 | AG8: 0 | AH8: 969664.88 | AI8: 6660029.3
A9: Domestic-SER | B9: 6 d_SER | C9: 0 | D9: 0 | E9: 0 | F9: 0 | G9: 0 | H9: 0 | I9: 85711.23 | J9: 1328837.5 | K9: 4820635 | L9: 0 | M9: 0 | N9: 0 | O9: 0 | P9: 0 | Q9: 0 | R9: 0 | S9: 0 | T9: 0 | U9: 0 | V9: 0 | W9: 0 | X9: 0 | Y9: 0 | Z9: 0 | AA9: 0 | AB9: 0 | AC9: 7742341 | AD9: 2258210.2 | AE9: 1604037.8 | AF9: 0 | AG9: 28091.47 | AH9: 344501.13 | AI9: 18212365
A10: AGR- activity | B10: 7 a_AGR | C10: 0 | D10: 0 | E10: 0 | F10: 325641.59 | G10: 0 | H10: 0 | I10: 0 | J10: 0 | K10: 0 | L10: 0 | M10: 0 | N10: 0 | O10: 0 | P10: 0 | Q10: 0 | R10: 0 | S10: 0 | T10: 0 | U10: 0 | V10: 0 | W10: 0 | X10: 0 | Y10: 0 | Z10: 0 | AA10: 0 | AB10: 0 | AC10: 0 | AD10: 0 | AE10: 0 | AF10: 0 | AG10: 0 | AH10: 0 | AI10: 325641.59
A11: MFG-activity | B11: 8 a_MFG | C11: 0 | D11: 0 | E11: 0 | F11: 0 | G11: 6657192.5 | H11: 0 | I11: 0 | J11: 0 | K11: 0 | L11: 0 | M11: 0 | N11: 0 | O11: 0 | P11: 0 | Q11: 0 | R11: 0 | S11: 0 | T11: 0 | U11: 0 | V11: 0 | W11: 0 | X11: 0 | Y11: 0 | Z11: 0 | AA11: 0 | AB11: 0 | AC11: 0 | AD11: 0 | AE11: 0 | AF11: 0 | AG11: 0 | AH11: 0 | AI11: 6657192.5
A12: SER-activity | B12: 9 a_SER | C12: 0 | D12: 0 | E12: 0 | F12: 0 | G12: 0 | H12: 18212366 | I12: 0 | J12: 0 | K12: 0 | L12: 0 | M12: 0 | N12: 0 | O12: 0 | P12: 0 | Q12: 0 | R12: 0 | S12: 0 | T12: 0 | U12: 0 | V12: 0 | W12: 0 | X12: 0 | Y12: 0 | Z12: 0 | AA12: 0 | AB12: 0 | AC12: 0 | AD12: 0 | AE12: 0 | AF12: 0 | AG12: 0 | AH12: 0 | AI12: 18212366
A13: Land | B13: 10 LAND | C13: 0 | D13: 0 | E13: 0 | F13: 0 | G13: 0 | H13: 0 | I13: 35950.19 | J13: 0 | K13: 0 | L13: 0 | M13: 0 | N13: 0 | O13: 0 | P13: 0 | Q13: 0 | R13: 0 | S13: 0 | T13: 0 | U13: 0 | V13: 0 | W13: 0 | X13: 0 | Y13: 0 | Z13: 0 | AA13: 0 | AB13: 0 | AC13: 0 | AD13: 0 | AE13: 0 | AF13: 0 | AG13: 0 | AH13: 0 | AI13: 35950.19
A14: Labor | B14: 11 LABOR | C14: 0 | D14: 0 | E14: 0 | F14: 0 | G14: 0 | H14: 0 | I14: 46771.28 | J14: 1360678.1 | K14: 6797237 | L14: 0 | M14: 0 | N14: 0 | O14: 0 | P14: 0 | Q14: 0 | R14: 0 | S14: 0 | T14: 0 | U14: 0 | V14: 0 | W14: 0 | X14: 0 | Y14: 0 | Z14: 0 | AA14: 0 | AB14: 0 | AC14: 0 | AD14: 0 | AE14: 0 | AF14: 0 | AG14: 0 | AH14: 0 | AI14: 8204686.4
A15: Capital | B15: 12 CAPITAL | C15: 0 | D15: 0 | E15: 0 | F15: 0 | G15: 0 | H15: 0 | I15: 52583.06 | J15: 648996.19 | K15: 2846223.8 | L15: 0 | M15: 0 | N15: 0 | O15: 0 | P15: 0 | Q15: 0 | R15: 0 | S15: 0 | T15: 0 | U15: 0 | V15: 0 | W15: 0 | X15: 0 | Y15: 0 | Z15: 0 | AA15: 0 | AB15: 0 | AC15: 0 | AD15: 0 | AE15: 0 | AF15: 0 | AG15: 0 | AH15: 0 | AI15: 3547803
... A35: Rest-of-world | B35: 26 ww_world | C35: 27937.63 | D35: 1796864.5 | E35: 314657 | F35: 0 | G35: 0 | H35: 0 | I35: 0 | J35: 0 | K35: 0 | L35: 0 | M35: 0 | N35: 0 | O35: 0 | P35: 0 | Q35: 0 | R35: 0 | S35: 0 | T35: 0 | U35: 0 | V35: 0 | W35: 0 | X35: 0 | Y35: 0 | Z35: 0 | AA35: 0 | AB35: 0 | AC35: 0 | AD35: 0 | AE35: 0 | AF35: 0 | AG35: 0 | AH35: 0 | AI35: 2139459.1
A36: Total | B36: Total | C36: 325641.59 | D36: 6660029.5 | E36: 18212366 | I36: 325641.59 | J36: 6657192.5 | K36: 18212366 | L36: 35950.19 | M36: 8204686.4 | N36: 3547803 | O36: 23613.68 | P36: 2837 | Q36: 730.13 | R36: 58839.43 | S36: -27.19 | T36: 968.21 | U36: 204340.58 | V36: 57973.34 | W36: -1478.7 | X36: 1232100 | Y36: 112146.38 | Z36: 581299.69 | AA36: 2039022.9 | AB36: 12801844 | AC36: 9949302.3 | AD36: 2258359.1 | AE36: 2685578.7 | AF36: 86303.63 | AG36: 86303.63 | AH36: 2139459.1 | AI36: 98750569
B39: Imports
A42: Commodity share in total imports | B42: Imports | C42: Exports
A43: Agriculture | B43: =+(C33+C35)/SUM(C33:E35)*100 -> 1.501226 | C43: =+(AG7+AH7)/SUM($AF$7:$AH$9)*100 -> 3.7327916
A44: Manufacturing | B44: =+(D33+D35)/SUM(C33:E35)*100 -> 84.361733 | C44: =+(AG8+AH8)/SUM($AF$7:$AH$9)*100 -> 69.544728
A45: Services | B45: =+(E33+E35)/SUM(C33:E35)*100 -> 14.137041 | C45: =+(AG9+AH9)/SUM($AF$7:$AH$9)*100 -> 26.722481
B46: =SUM(B43:B45) -> 100 | C46: =SUM(C43:C45) -> 100

Sheet Export shr of production
A1: NUS333 v8 SAM 2007 $US millions
B3: ASAM | C3: 1 m_AGR | D3: 2 m_MFG | E3: 3 m_SER | F3: 4 d_AGR | G3: 5 d_MFG | H3: 6 d_SER | I3: 7 a_AGR | J3: 8 a_MFG | K3: 9 a_SER | L3: 10 LAND | M3: 11 LABOR | N3: 12 CAPITAL | O3: 13 tmm_world | P3: 14 tee_world | Q3: 15 tssm_AGR | R3: 16 tssm_MFG | S3: 17 tssm_SER | T3: 18 tssd_AGR | U3: 19 tssd_MFG | V3: 20 tssd_SER | W3: 21 tf_LAND | X3: 22 tf_LABOR | Y3: 23 tf_CAPITAL | Z3: 29 PRODTAX | AA3: 30 DIRTAX | AB3: 27 REGHOUS | AC3: 28 PRIV | AD3: 31 GOVT | AE3: 32 CGDS | AF3: 24 SER_world | AG3: 25 SER_pvst | AH3: 26 ww_world | AI3: Total
A4: Import-AGR | B4: 1 m_AGR | C4: 0 | D4: 0 | E4: 0 | F4: 0 | G4: 0 | H4: 0 | I4: 1383.3 | J4: 14597.56 | K4: 5193.94 | L4: 0 | M4: 0 | N4: 0 | O4: 0 | P4: 0 | Q4: 0 | R4: 0 | S4: 0 | T4: 0 | U4: 0 | V4: 0 | W4: 0 | X4: 0 | Y4: 0 | Z4: 0 | AA4: 0 | AB4: 0 | AC4: 12718.17 | AD4: 0.11 | AE4: 43.08 | AF4: 0 | AG4: 0 | AH4: 0 | AI4: 33936.16
A5: Import-MFG | B5: 2 m_MFG | C5: 0 | D5: 0 | E5: 0 | F5: 0 | G5: 0 | H5: 0 | I5: 9149.65 | J5: 796635.5 | K5: 299808.41 | L5: 0 | M5: 0 | N5: 0 | O5: 0 | P5: 0 | Q5: 0 | R5: 0 | S5: 0 | T5: 0 | U5: 0 | V5: 0 | W5: 0 | X5: 0 | Y5: 0 | Z5: 0 | AA5: 0 | AB5: 0 | AC5: 500838.03 | AD5: 4.51 | AE5: 294347.22 | AF5: 0 | AG5: 0 | AH5: 0 | AI5: 1900783.3
A6: Import-SER | B6: 3 m_SER | C6: 0 | D6: 0 | E6: 0 | F6: 0 | G6: 0 | H6: 0 | I6: 732.17 | J6: 22260.94 | K6: 235765.33 | L6: 0 | M6: 0 | N6: 0 | O6: 0 | P6: 0 | Q6: 0 | R6: 0 | S6: 0 | T6: 0 | U6: 0 | V6: 0 | W6: 0 | X6: 0 | Y6: 0 | Z6: 0 | AA6: 0 | AB6: 0 | AC6: 51449.36 | AD6: 16.8 | AE6: 4432.41 | AF6: 0 | AG6: 0 | AH6: 0 | AI6: 314657.01
A7: Domestic-AGR | B7: 4 d_AGR | C7: 0 | D7: 0 | E7: 0 | F7: 0 | G7: 0 | H7: 0 | I7: 35027.53 | J7: 164985.89 | K7: 20668.78 | L7: 0 | M7: 0 | N7: 0 | O7: 0 | P7: 0 | Q7: 0 | R7: 0 | S7: 0 | T7: 0 | U7: 0 | V7: 0 | W7: 0 | X7: 0 | Y7: 0 | Z7: 0 | AA7: 0 | AB7: 0 | AC7: 52576.52 | AD7: 0.58 | AE7: 335.83 | AF7: 0 | AG7: 0 | AH7: 52046.46 | AI7: 325641.59
A8: Domestic-MFG | B8: 5 d_MFG | C8: 0 | D8: 0 | E8: 0 | F8: 0 | G8: 0 | H8: 0 | I8: 62384.85 | J8: 2006594.5 | K8: 1502184.5 | L8: 0 | M8: 0 | N8: 0 | O8: 0 | P8: 0 | Q8: 0 | R8: 0 | S8: 0 | T8: 0 | U8: 0 | V8: 0 | W8: 0 | X8: 0 | Y8: 0 | Z8: 0 | AA8: 0 | AB8: 0 | AC8: 1355147.9 | AD8: 126.87 | AE8: 763925.81 | AF8: 0 | AG8: 0 | AH8: 969664.88 | AI8: 6660029.3
A9: Domestic-SER | B9: 6 d_SER | C9: 0 | D9: 0 | E9: 0 | F9: 0 | G9: 0 | H9: 0 | I9: 85711.23 | J9: 1328837.5 | K9: 4820635 | L9: 0 | M9: 0 | N9: 0 | O9: 0 | P9: 0 | Q9: 0 | R9: 0 | S9: 0 | T9: 0 | U9: 0 | V9: 0 | W9: 0 | X9: 0 | Y9: 0 | Z9: 0 | AA9: 0 | AB9: 0 | AC9: 7742341 | AD9: 2258210.2 | AE9: 1604037.8 | AF9: 0 | AG9: 28091.47 | AH9: 344501.13 | AI9: 18212365
A10: AGR- activity | B10: 7 a_AGR | C10: 0 | D10: 0 | E10: 0 | F10: 325641.59 | G10: 0 | H10: 0 | I10: 0 | J10: 0 | K10: 0 | L10: 0 | M10: 0 | N10: 0 | O10: 0 | P10: 0 | Q10: 0 | R10: 0 | S10: 0 | T10: 0 | U10: 0 | V10: 0 | W10: 0 | X10: 0 | Y10: 0 | Z10: 0 | AA10: 0 | AB10: 0 | AC10: 0 | AD10: 0 | AE10: 0 | AF10: 0 | AG10: 0 | AH10: 0 | AI10: 325641.59
A11: MFG-activity | B11: 8 a_MFG | C11: 0 | D11: 0 | E11: 0 | F11: 0 | G11: 6657192.5 | H11: 0 | I11: 0 | J11: 0 | K11: 0 | L11: 0 | M11: 0 | N11: 0 | O11: 0 | P11: 0 | Q11: 0 | R11: 0 | S11: 0 | T11: 0 | U11: 0 | V11: 0 | W11: 0 | X11: 0 | Y11: 0 | Z11: 0 | AA11: 0 | AB11: 0 | AC11: 0 | AD11: 0 | AE11: 0 | AF11: 0 | AG11: 0 | AH11: 0 | AI11: 6657192.5
A12: SER-activity | B12: 9 a_SER | C12: 0 | D12: 0 | E12: 0 | F12: 0 | G12: 0 | H12: 18212366 | I12: 0 | J12: 0 | K12: 0 | L12: 0 | M12: 0 | N12: 0 | O12: 0 | P12: 0 | Q12: 0 | R12: 0 | S12: 0 | T12: 0 | U12: 0 | V12: 0 | W12: 0 | X12: 0 | Y12: 0 | Z12: 0 | AA12: 0 | AB12: 0 | AC12: 0 | AD12: 0 | AE12: 0 | AF12: 0 | AG12: 0 | AH12: 0 | AI12: 18212366
A13: Land | B13: 10 LAND | C13: 0 | D13: 0 | E13: 0 | F13: 0 | G13: 0 | H13: 0 | I13: 35950.19 | J13: 0 | K13: 0 | L13: 0 | M13: 0 | N13: 0 | O13: 0 | P13: 0 | Q13: 0 | R13: 0 | S13: 0 | T13: 0 | U13: 0 | V13: 0 | W13: 0 | X13: 0 | Y13: 0 | Z13: 0 | AA13: 0 | AB13: 0 | AC13: 0 | AD13: 0 | AE13: 0 | AF13: 0 | AG13: 0 | AH13: 0 | AI13: 35950.19
A14: Labor | B14: 11 LABOR | C14: 0 | D14: 0 | E14: 0 | F14: 0 | G14: 0 | H14: 0 | I14: 46771.28 | J14: 1360678.1 | K14: 6797237 | L14: 0 | M14: 0 | N14: 0 | O14: 0 | P14: 0 | Q14: 0 | R14: 0 | S14: 0 | T14: 0 | U14: 0 | V14: 0 | W14: 0 | X14: 0 | Y14: 0 | Z14: 0 | AA14: 0 | AB14: 0 | AC14: 0 | AD14: 0 | AE14: 0 | AF14: 0 | AG14: 0 | AH14: 0 | AI14: 8204686.4
A15: Capital | B15: 12 CAPITAL | C15: 0 | D15: 0 | E15: 0 | F15: 0 | G15: 0 | H15: 0 | I15: 52583.06 | J15: 648996.19 | K15: 2846223.8 | L15: 0 | M15: 0 | N15: 0 | O15: 0 | P15: 0 | Q15: 0 | R15: 0 | S15: 0 | T15: 0 | U15: 0 | V15: 0 | W15: 0 | X15: 0 | Y15: 0 | Z15: 0 | AA15: 0 | AB15: 0 | AC15: 0 | AD15: 0 | AE15: 0 | AF15: 0 | AG15: 0 | AH15: 0 | AI15: 3547803
... A36: Total | B36: Total | C36: 33936.16 | D36: 1900783.3 | E36: 314657 | F36: 325641.59 | G36: 6660029.5 | H36: 18212366 | I36: 325641.59 | J36: 6657192.5 | K36: 18212366 | L36: 35950.19 | M36: 8204686.4 | N36: 3547803 | O36: 23613.68 | P36: 2837 | Q36: 730.13 | R36: 58839.43 | S36: -27.19 | T36: 968.21 | U36: 204340.58 | V36: 57973.34 | W36: -1478.7 | X36: 1232100 | Y36: 112146.38 | Z36: 581299.69 | AA36: 2039022.9 | AB36: 12801844 | AC36: 9949302.3 | AD36: 2258359.1 | AE36: 2685578.7 | AF36: 86303.63 | AG36: 86303.63 | AH36: 2139459.1 | AI36: 98750569
B39: Export plus export tax
A42: Export share of production | C42: Production | D42: Export shr.
A43: Agriculture | B43: =+SUM(F17,AG7:AH7) -> 52046.46 | C43: =+I36 -> 325641.59 | D43: =+B43/C43*100 -> 15.982743
A44: Manufacturing | B44: =+SUM(G17,AG8:AH8) -> 972501.88 | C44: =+J36 -> 6657192.5 | D44: =+B44/C44*100 -> 14.608288
A45: Services | B45: =+SUM(H17,AG9:AH9) -> 372592.6 | C45: =+K36 -> 18212366 | D45: =+B45/C45*100 -> 2.0458221

Sheet Import shr of consumption
A1: NUS333 v8 SAM 2007 $US millions
B3: ASAM | C3: 1 m_AGR | D3: 2 m_MFG | E3: 3 m_SER | F3: 4 d_AGR | G3: 5 d_MFG | H3: 6 d_SER | I3: 7 a_AGR | J3: 8 a_MFG | K3: 9 a_SER | L3: 10 LAND | M3: 11 LABOR | N3: 12 CAPITAL | O3: 13 tmm_world | P3: 14 tee_world | Q3: 15 tssm_AGR | R3: 16 tssm_MFG | S3: 17 tssm_SER | T3: 18 tssd_AGR | U3: 19 tssd_MFG | V3: 20 tssd_SER | W3: 21 tf_LAND | X3: 22 tf_LABOR | Y3: 23 tf_CAPITAL | Z3: 29 PRODTAX | AA3: 30 DIRTAX | AB3: 27 REGHOUS | AC3: 28 PRIV | AD3: 31 GOVT | AE3: 32 CGDS | AF3: 24 SER_world | AG3: 25 SER_pvst | AH3: 26 ww_world | AI3: Total
A4: Import-AGR | B4: 1 m_AGR | C4: 0 | D4: 0 | E4: 0 | F4: 0 | G4: 0 | H4: 0 | I4: 1383.3 | J4: 14597.56 | K4: 5193.94 | L4: 0 | M4: 0 | N4: 0 | O4: 0 | P4: 0 | Q4: 0 | R4: 0 | S4: 0 | T4: 0 | U4: 0 | V4: 0 | W4: 0 | X4: 0 | Y4: 0 | Z4: 0 | AA4: 0 | AB4: 0 | AC4: 12718.17 | AD4: 0.11 | AE4: 43.08 | AF4: 0 | AG4: 0 | AH4: 0 | AI4: 33936.16
A5: Import-MFG | B5: 2 m_MFG | C5: 0 | D5: 0 | E5: 0 | F5: 0 | G5: 0 | H5: 0 | I5: 9149.65 | J5: 796635.5 | K5: 299808.41 | L5: 0 | M5: 0 | N5: 0 | O5: 0 | P5: 0 | Q5: 0 | R5: 0 | S5: 0 | T5: 0 | U5: 0 | V5: 0 | W5: 0 | X5: 0 | Y5: 0 | Z5: 0 | AA5: 0 | AB5: 0 | AC5: 500838.03 | AD5: 4.51 | AE5: 294347.22 | AF5: 0 | AG5: 0 | AH5: 0 | AI5: 1900783.3
A6: Import-SER | B6: 3 m_SER | C6: 0 | D6: 0 | E6: 0 | F6: 0 | G6: 0 | H6: 0 | I6: 732.17 | J6: 22260.94 | K6: 235765.33 | L6: 0 | M6: 0 | N6: 0 | O6: 0 | P6: 0 | Q6: 0 | R6: 0 | S6: 0 | T6: 0 | U6: 0 | V6: 0 | W6: 0 | X6: 0 | Y6: 0 | Z6: 0 | AA6: 0 | AB6: 0 | AC6: 51449.36 | AD6: 16.8 | AE6: 4432.41 | AF6: 0 | AG6: 0 | AH6: 0 | AI6: 314657.01
A7: Domestic-AGR | B7: 4 d_AGR | C7: 0 | D7: 0 | E7: 0 | F7: 0 | G7: 0 | H7: 0 | I7: 35027.53 | J7: 164985.89 | K7: 20668.78 | L7: 0 | M7: 0 | N7: 0 | O7: 0 | P7: 0 | Q7: 0 | R7: 0 | S7: 0 | T7: 0 | U7: 0 | V7: 0 | W7: 0 | X7: 0 | Y7: 0 | Z7: 0 | AA7: 0 | AB7: 0 | AC7: 52576.52 | AD7: 0.58 | AE7: 335.83 | AF7: 0 | AG7: 0 | AH7: 52046.46 | AI7: 325641.59
A8: Domestic-MFG | B8: 5 d_MFG | C8: 0 | D8: 0 | E8: 0 | F8: 0 | G8: 0 | H8: 0 | I8: 62384.85 | J8: 2006594.5 | K8: 1502184.5 | L8: 0 | M8: 0 | N8: 0 | O8: 0 | P8: 0 | Q8: 0 | R8: 0 | S8: 0 | T8: 0 | U8: 0 | V8: 0 | W8: 0 | X8: 0 | Y8: 0 | Z8: 0 | AA8: 0 | AB8: 0 | AC8: 1355147.9 | AD8: 126.87 | AE8: 763925.81 | AF8: 0 | AG8: 0 | AH8: 969664.88 | AI8: 6660029.3
A9: Domestic-SER | B9: 6 d_SER | C9: 0 | D9: 0 | E9: 0 | F9: 0 | G9: 0 | H9: 0 | I9: 85711.23 | J9: 1328837.5 | K9: 4820635 | L9: 0 | M9: 0 | N9: 0 | O9: 0 | P9: 0 | Q9: 0 | R9: 0 | S9: 0 | T9: 0 | U9: 0 | V9: 0 | W9: 0 | X9: 0 | Y9: 0 | Z9: 0 | AA9: 0 | AB9: 0 | AC9: 7742341 | AD9: 2258210.2 | AE9: 1604037.8 | AF9: 0 | AG9: 28091.47 | AH9: 344501.13 | AI9: 18212365
A10: AGR- activity | B10: 7 a_AGR | C10: 0 | D10: 0 | E10: 0 | F10: 325641.59 | G10: 0 | H10: 0 | I10: 0 | J10: 0 | K10: 0 | L10: 0 | M10: 0 | N10: 0 | O10: 0 | P10: 0 | Q10: 0 | R10: 0 | S10: 0 | T10: 0 | U10: 0 | V10: 0 | W10: 0 | X10: 0 | Y10: 0 | Z10: 0 | AA10: 0 | AB10: 0 | AC10: 0 | AD10: 0 | AE10: 0 | AF10: 0 | AG10: 0 | AH10: 0 | AI10: 325641.59
A11: MFG-activity | B11: 8 a_MFG | C11: 0 | D11: 0 | E11: 0 | F11: 0 | G11: 6657192.5 | H11: 0 | I11: 0 | J11: 0 | K11: 0 | L11: 0 | M11: 0 | N11: 0 | O11: 0 | P11: 0 | Q11: 0 | R11: 0 | S11: 0 | T11: 0 | U11: 0 | V11: 0 | W11: 0 | X11: 0 | Y11: 0 | Z11: 0 | AA11: 0 | AB11: 0 | AC11: 0 | AD11: 0 | AE11: 0 | AF11: 0 | AG11: 0 | AH11: 0 | AI11: 6657192.5
A12: SER-activity | B12: 9 a_SER | C12: 0 | D12: 0 | E12: 0 | F12: 0 | G12: 0 | H12: 18212366 | I12: 0 | J12: 0 | K12: 0 | L12: 0 | M12: 0 | N12: 0 | O12: 0 | P12: 0 | Q12: 0 | R12: 0 | S12: 0 | T12: 0 | U12: 0 | V12: 0 | W12: 0 | X12: 0 | Y12: 0 | Z12: 0 | AA12: 0 | AB12: 0 | AC12: 0 | AD12: 0 | AE12: 0 | AF12: 0 | AG12: 0 | AH12: 0 | AI12: 18212366
A13: Land | B13: 10 LAND | C13: 0 | D13: 0 | E13: 0 | F13: 0 | G13: 0 | H13: 0 | I13: 35950.19 | J13: 0 | K13: 0 | L13: 0 | M13: 0 | N13: 0 | O13: 0 | P13: 0 | Q13: 0 | R13: 0 | S13: 0 | T13: 0 | U13: 0 | V13: 0 | W13: 0 | X13: 0 | Y13: 0 | Z13: 0 | AA13: 0 | AB13: 0 | AC13: 0 | AD13: 0 | AE13: 0 | AF13: 0 | AG13: 0 | AH13: 0 | AI13: 35950.19
A14: Labor | B14: 11 LABOR | C14: 0 | D14: 0 | E14: 0 | F14: 0 | G14: 0 | H14: 0 | I14: 46771.28 | J14: 1360678.1 | K14: 6797237 | L14: 0 | M14: 0 | N14: 0 | O14: 0 | P14: 0 | Q14: 0 | R14: 0 | S14: 0 | T14: 0 | U14: 0 | V14: 0 | W14: 0 | X14: 0 | Y14: 0 | Z14: 0 | AA14: 0 | AB14: 0 | AC14: 0 | AD14: 0 | AE14: 0 | AF14: 0 | AG14: 0 | AH14: 0 | AI14: 8204686.4
A15: Capital | B15: 12 CAPITAL | C15: 0 | D15: 0 | E15: 0 | F15: 0 | G15: 0 | H15: 0 | I15: 52583.06 | J15: 648996.19 | K15: 2846223.8 | L15: 0 | M15: 0 | N15: 0 | O15: 0 | P15: 0 | Q15: 0 | R15: 0 | S15: 0 | T15: 0 | U15: 0 | V15: 0 | W15: 0 | X15: 0 | Y15: 0 | Z15: 0 | AA15: 0 | AB15: 0 | AC15: 0 | AD15: 0 | AE15: 0 | AF15: 0 | AG15: 0 | AH15: 0 | AI15: 3547803
... A36: Total | B36: Total | C36: 33936.16 | D36: 1900783.3 | E36: 314657 | F36: 325641.59 | G36: 6660029.5 | H36: 18212366 | I36: 325641.59 | J36: 6657192.5 | K36: 18212366 | L36: 35950.19 | M36: 8204686.4 | N36: 3547803 | O36: 23613.68 | P36: 2837 | Q36: 730.13 | R36: 58839.43 | S36: -27.19 | T36: 968.21 | U36: 204340.58 | V36: 57973.34 | W36: -1478.7 | X36: 1232100 | Y36: 112146.38 | Z36: 581299.69 | AA36: 2039022.9 | AB36: 12801844 | AC36: 9949302.3 | AD36: 2258359.1 | AE36: 2685578.7 | AF36: 86303.63 | AG36: 86303.63 | AH36: 2139459.1 | AI36: 98750569
B42: Import demand | C42: Total demand | D42: Import share
A43: Agriculture | B43: =SUM(I4:K4,AC4:AE4,I18:K18,AC18:AE18) -> 34666.29 | C43: =SUM(I7:K7,AC7:AE7,I4:K4,AC4:AE4,I18:K18,I21:K21,AC18:AE18,AC21:AE21) -> 309229.63 | D43: =+B43/C43*100 -> 11.210533
A44: Manufacturing | B44: =SUM(I5:K5,AC5:AE5,I19:K19,AC19:AE19) -> 1959622.8 | C44: =SUM(I8:K8,AC8:AE8,I5:K5,AC5:AE5,I19:K19,I22:K22,AC19:AE19,AC22:AE22) -> 7854327.7 | D44: =+B44/C44*100 -> 24.949592
A45: Services | B45: =SUM(I6:K6,AC6:AE6,I20:K20,AC20:AE20) -> 314629.82 | C45: =SUM(I9:K9,AC9:AE9,I6:K6,AC6:AE6,I20:K20,I23:K23,AC20:AE20,AC23:AE23) -> 18212376 | D45: =+B45/C45*100 -> 1.7275605
